 Dungeon Crawl Stone Soup version 0.21.1-1-g345015fe64 (webtiles) character file.

1865356 KleinerIrrer the Invulnerable (level 27, 0/256 HPs)
             Began as a Formicid Fighter on Mar 19, 2018.
             Was the Champion of Cheibriados.
             Killed from afar by an orb of fire (19 damage)
             ... with a fireball
             ... on level 19 of a ziggurat on Mar 21, 2018.
             The game lasted 20:40:15 (179424 turns).

KleinerIrrer the Invulnerable (Formicid Fighter)  Turns: 179424, Time: 20:40:18

Health: 0/256      AC: 62    Str: 39 (41) XL:     27
Magic:  6/54       EV: 32    Int: 39      God:    Cheibriados [******]
Gold:   18308      SH: 41    Dex: 27 (29) Spells: 3/80 levels left

rFire    + + +     SeeInvis +   b - +9 triple crossbow (velocity)
rCold    + + +     Gourm    .   D - +8 large shield {AC+3}
rNeg     + + +     Faith    .   i - +12 gold dragon scales
rPois    ∞         Spirit   .   (helmet unavailable)
rElec    +         Reflect  +   h - +2 cloak {+Inv}
rCorr    +         Harm     .   N - +0 pair of gloves of Youthful Indiscretion {*Corrode Slay+4}
MR       +++++                  R - +1 pair of boots of the Guardian {rElec rC+ MR+ Regen+ Str-2}
Stlth    ..........             Y - amulet "Olurph" {Reflect rF+ Slay+2 SH+2}
HPRegen  0.92/turn              M - ring "Xanutuva" {rCorr Str+4 Dex+4}
MPRegen  0.34/turn              U - ring of Dim Light {+Inv rF+ MR+ Int+4 Stlth+}

@: lich-form (expiring), singing (expiring), portal projectile, studying 2
skills, very slow
A: permanent stasis, dig shafts and tunnels, four strong arms, antennae 3,
rugged brown scales 1, yellow scales 2, clever 1, poison resistance, shaggy fur
1
}: 15/15 runes: serpentine, barnacled, slimy, silver, golden, iron, obsidian,
icy, bone, abyssal, demonic, glowing, magical, fiery, dark
a: Dig, Shaft Self, End Transformation, Bend Time, Temporal Distortion, Slouch,
Step From Time, Renounce Religion, Cancel Portal Projectile, Evoke Invisibility


You were on level 19 of a ziggurat.
You worshipped Cheibriados.
Cheibriados was exalted by your worship.
You were not hungry.
You were a lich.
You visited 18 branches of the dungeon, and saw 90 of its levels.
You visited Pandemonium 5 times, and saw 35 of its levels.
You visited the Abyss 11 times.
You visited 2 ziggurats, and saw 33 of their levels (deepest: 19).
You also visited: Ossuary, Ice Cave and Wizlab.

You collected 26924 gold pieces.
You spent 8616 gold pieces at shops.

Inventory:

Hand Weapons
 b - a +9 triple crossbow of velocity (weapon)
 g - a +9 executioner's axe of chopping
 j - a +6 executioner's axe of flaming
 q - the +0 sword of Power
   (You found it on level 18 of a ziggurat)
 s - the +10 dark maul {crush}
   (You bought it in a shop on level 1 of the Depths)

   It inflicts extra damage upon your enemies.
Missiles
 K - 534 bolts (quivered)
Armour
 h - a +2 cloak of invisibility (worn)
 i - +12 gold dragon scales (worn)
 t - the +2 pair of gloves of Egyskauj {rElec rF+ rN+ Dex+4}
   (You acquired it on level 2 of the Abyss)

   It affects your dexterity (+4).
   It protects you from fire.
   It insulates you from electricity.
   It protects you from negative energy.
 v - a +1 large shield of reflection
 D - a +8 large shield of protection (worn)
 N - the +0 pair of gloves of Youthful Indiscretion (worn) {*Corrode Slay+4}
   (You found it on level 10 of a ziggurat)

   It affects your accuracy and damage with ranged weapons and melee attacks
   (+4).
   It may corrode you when you take damage.
 R - the +1 pair of boots of the Guardian (worn) {rElec rC+ MR+ Regen+ Str-2}
   (You found it on level 3 of the Vaults)

   It affects your strength (-2).
   It protects you from cold.
   It insulates you from electricity.
   It affects your resistance to hostile enchantments.
   It increases your rate of regeneration.
Jewellery
 J - the ring "Qaib Mesh" {+Fly rC++ MR+}
   (You found it on level 3 of the Vaults)

   [ring of flight]

   It greatly protects you from cold.
   It affects your resistance to hostile enchantments.
   It lets you fly.
 L - the amulet of the Four Winds {rN+ MR+++ Clar}
   (You found it on level 10 of a ziggurat)

   [amulet of nothing]

   It protects you from negative energy.
   It affects your resistance to hostile enchantments.
   It protects you against confusion.
 M - the ring "Xanutuva" (left hand) {rCorr Str+4 Dex+4}
   (You found it in Pandemonium)

   [ring of resist corrosion]

   It affects your strength (+4).
   It affects your dexterity (+4).
 Q - the ring "Yniont" {*Slow rF+ rC++ SInv}
   (You found it on level 18 of a ziggurat)

   [ring of protection from fire]

   It protects you from fire.
   It greatly protects you from cold.
   It lets you see invisible.
   It may slow you when you take damage.
 U - the ring of Dim Light (right hand) {+Inv rF+ MR+ Int+4 Stlth+}
   (You found it on level 15 of a ziggurat)

   [ring of stealth]

   It affects your intelligence (+4).
   It protects you from fire.
   It affects your resistance to hostile enchantments.
   It lets you turn invisible.
   It makes you more stealthy.
 Y - the amulet "Olurph" (around neck) {Reflect rF+ Slay+2 SH+2}
   (You found it on level 2 of the Abyss)

   [amulet of reflection]

   It shields you and reflects attacks.
   It affects your accuracy and damage with ranged weapons and melee attacks
   (+2).
   It protects you from fire.
   It affects your SH (+2).
Wands
 E - a wand of iceblast (7)
 H - a wand of acid (89)
 I - a wand of digging (71)
 X - a wand of scattershot (7)
Scrolls
 c - 32 scrolls of identify
 e - 6 scrolls of fog
 l - 75 scrolls of remove curse
 r - 18 scrolls of fear
 y - 5 scrolls of magic mapping
 C - 7 scrolls of amnesia
 G - 5 scrolls of enchant armour
 O - a scroll of silence
Potions
 a - 7 potions of mutation
 d - 15 potions of might
 k - 69 potions of curing
 n - 29 potions of flight
 o - a potion of ambrosia
 u - 7 potions of magic
 w - 15 potions of agility
 z - 21 potions of brilliance
 A - 10 potions of resistance
 F - 20 potions of heal wounds
 P - 15 potions of cancellation
Books
 x - a manual of Staves
 V - Bosenoag's Disquisition on Contamination
   (You found it on level 18 of a ziggurat)

   Spells                             Type                      Level
   a - Sting                          Conjuration/Poison           1
   b - Poisonous Vapours              Poison/Air                   2
   c - Mephitic Cloud                 Conjuration/Poison/Air       3
   d - Ignite Poison                  Fire/Transmutation/Poison    3
   e - Olgreb's Toxic Radiance        Poison                       4
 W - a manual of Bows
Miscellaneous
 m - the horn of Geryon
 B - 8 phantom mirrors
 S - a sack of spiders
 Z - 2 boxes of beasts
Comestibles
 f - 144 rations


   Skills:
 O Level 27 Fighting
 - Level 26.2(27) Axes
 - Level 23.5(27) Maces & Flails
 O Level 27 Crossbows
 O Level 27 Armour
 * Level 26.7 Dodging
 O Level 27 Shields
 O Level 27 Spellcasting
 - Level 11.9 Conjurations
 - Level 19.8 Hexes
 - Level 14.2 Charms
 * Level 23.0 Summonings
 - Level 25.3 Necromancy
 - Level 23.5 Translocations
 O Level 27 Transmutations
 - Level 14.0 Ice Magic
 - Level 13.5 Air Magic
 - Level 19.0 Earth Magic
 - Level 17.8 Invocations
 + Level 20.1 Evocations


You had 3 spell levels left.
You knew the following spells:

 Your Spells              Type           Power        Failure   Level  Hunger
a - Death Channel         Necr           #########.   0%          6    N/A
b - Death's Door          Chrm/Necr      ########..   2%          8    N/A
c - Portal Projectile     Hex/Tloc       ######       0%          3    N/A
d - Necromutation         Tmut/Necr      #########.   1%          8    N/A
e - Passage of Golubria   Tloc           N/A          0%          4    N/A
f - Song of Slaying       Chrm           ########     0%          2    N/A
g - Lee's Rapid Deconstr  Erth           ########..   0%          5    N/A
h - Lesser Beckoning      Tloc           ########..   0%          3    N/A
i - Silence               Hex/Air        ########..   1%          5    N/A
j - Infestation           Necr           #########.   1%          8    N/A
k - Freezing Cloud        Conj/Ice/Air   ########..   1%          6    N/A
l - Aura of Abjuration    Summ           ########..   0%          5    N/A
m - Regeneration          Chrm/Necr      ########..   0%          3    N/A
n - Yara's Violent Unrav  Hex/Tmut       ########..   0%          5    N/A
o - Shadow Creatures      Summ           N/A          1%          6    N/A

Dungeon Overview and Level Annotations

Branches:
Dungeon (15/15)            Temple (1/1) D:6            Lair (6/6) D:9
 Shoals (4/4) Lair:4        Snake (4/4) Lair:4        Slime (5/5) Lair:5
    Orc (2/2) D:10            Elf (3/3) Orc:2        Vaults (5/5) D:13
  Crypt (3/3) Vaults:3       Tomb (3/3) Crypt:3      Depths (5/5) D:15
   Hell (1/1)                 Dis (7/7) Hell            Geh (7/7) Hell
    Coc (7/7) Hell            Tar (7/7) Hell            Zot (5/5) Depths:5

Altars:
Ashenzari
Cheibriados
Dithmenos
Elyvilon
Fedhas
Gozag
Hepliaklqana
Kikubaaqudgha
Makhleb
Nemelex Xobeh
Okawaru
Qazlal
Ru
Sif Muna
Trog
Uskayaw
Vehumet
Wu Jian
Xom
Yredelemnul
Zin
The Shining One
Beogh

Shops:
D:4 =   D:5 [   D:14 ?   Orc:2 ?[:*[   Elf:3 =}=*   Shoals:1 ?[[
Shoals:3 %((}   Snake:3 !   Vaults:1 *   Vaults:2 *   Vaults:3 *   Vaults:4 *
Depths:1 [*((

Portals:
Hell: Depths:1 Depths:2 Depths:3 Depths:4 Depths:5
Abyss: Depths:3 Depths:4 Depths:5
Pandemonium: Depths:3 Depths:4 Depths:5

Annotations:
D:4 Norrik's ghost, novice MiFi


Innate Abilities, Weirdness & Mutations

You cannot be hasted, slowed, berserked, paralysed or teleported.
You can dig through walls and to a lower floor.
Your four strong arms can wield two-handed weapons with a shield.
You have a pair of large antennae on your head. (SInv)
You are partially covered in rugged brown scales. (AC +1, +3% HP)
You are mostly covered in yellow scales. (AC +3)
Your mind is acute. (Int +2)
Your system is resistant to poisons. (rPois)
You are covered in fur. (AC +1)


Message History

Aim: an efreet, wielding a scimitar of flaming You feel a surge of power!
You call forth a plague of scarabs!
The efreet is infested!
The hell hound is unaffected.
The efreet is unaffected.
Your death scarab is unaffected.
The hell hound is unaffected.
Your red devil dissolves into shadows!
Your sun demon dissolves into shadows!
Your death scarab misses the hell hound.
The hell hound bites your death scarab but does no damage.
Your death scarab bites the hell hound!!
The hell hound dies!
Cheibriados thoroughly appreciates the change of pace.
A death scarab bursts from the hell hound!
The efreet gestures at you.
The bolt of fire hits your death scarab.
The bolt of fire misses you.
The orb of fire glows deep purple.
The fireball explodes!
The fireball engulfs your fire crab.
Your fire crab completely resists.
The fireball engulfs you! You resist.
You die...

▓▓▓▓ ▓....
▓..§§.
▓2R##.§
▓▓h2{##t.
▓▓*2{{R§R.
▓▓*§C{Dt§§§
▓▓2**{{{h...
▓Lt3*{E{.§§.
▓▓§s{t{...§§
▓▓sh{{..§..
▓▓RR......
▓▓..^##..
▓..##. ▓....
▓..


You could see 2 orbs of fire, 2 efreet, a hell hound, a friendly balrug, a
friendly sun demon, a friendly fire crab and 2 friendly death scarabs.

Vanquished Creatures
  Cerebov (Pan)
  Antaeus (Coc:7)
  the Royal Jelly (Slime:5)
  Gloorx Vloq (Pan)
  the Serpent of Hell (Dis:7)
  A seraph (Pan)
  Dispater (Dis:7)
  Mnoleg (Pan)
  Lom Lobon (Pan)
  6 orbs of fire
  Mennas (Depths:5)
  Mara (Tomb:1)
  13 ancient liches
  5 juggernauts
  Sojobo (Tomb:1)
  13 greater mummies
  The ghost of ponypharmacist the Impregnable, a legendary GrFi of Qazlal (Zig:11)
  20 shard shrikes
  Bai Suzhen (Vaults:2)
  3 Killer Klowns (Zot:5)
  Margery (Crypt:3)
  2 curse toes
  20 pandemonium lords
  7 caustic shrikes
  the Enchantress (D:15)
  20 profane servitors
  Geryon (Hell)
  Jory (Vaults:5)
  7 golden dragons
  62 bone dragons
  Nikola (Elf:2)
  2 pearl dragons (Pan)
  62 Tzitzimimeh
  38 Brimstone Fiends
  8 doom hounds
  7 electric golems
  33 tentacled monstrosities
  29 Ice Fiends
  9 hellephants
  10 iron giants
  A shard shrike zombie (Crypt:3)
  25 Orb Guardians (Zot:5)
  30 Hell Sentinels
  38 liches
  4 deep elf master archers
  12 quicksilver dragons
  Asterion (Depths:1)
  5 titans
  62 Executioners
  10 deep elf blademasters
  170 tentacled starspawn
  17 acid blobs
  12 sphinxes
  2 krakens
  3 death cobs
  18 ancient champions
  Kirke (Snake:2)
  7 tengu reavers
  The ghost of supermoro the Warrior, an adept MiFi of Gozag (Snake:4)
  Gastronok (Lair:3)
  9 eldritch tentacles
  A thorn hunter (Zig:9)
  14 revenants
  11 storm dragons
  25 shadow dragons
  9 nagarajas
  Ilsuiw (Shoals:4)
  8 azure jellies
  4 draconian monks
  72 daevas
  14 fire giants
  15 deep elf sorcerers
  13 frost giants
  7 vault wardens
  A caustic shrike zombie (Crypt:1)
  5 ghost moths
  4 draconian scorchers
  A juggernaut zombie (Crypt:3)
  10 iron dragons
  13 warmongers
  22 ironheart preservers
  An orc warlord (Zig:12)
  7 deep elf elementalists
  9 draconian knights
  72 balrugs
  6 curse skulls
  38 cacodemons
  2 draconian shifters
  5 draconian stormcallers
  107 angels
  4 war gargoyles
  93 reapers
  4 ghouls
  6 spriggan defenders
  20 blood saints
  3 draconian annihilators
  81 very ugly things
  A juggernaut skeleton (Crypt:1)
  55 ophanim
  31 stone giants
  4 caustic shrike skeletons
  106 apis (Pan)
  5 elemental wellsprings
  4 entropy weavers
  7 green draconians
  12 corrupters
  15 deep elf demonologists
  20 black suns (Pan)
  24 black draconians
  46 lorocyprocas
  27 purple draconians
  Nessos (D:13)
  6 bennus
  7 vampire knights
  8 deep elf annihilators
  A dire elephant (D:15)
  8 yellow draconians
  8 red draconians
  49 blizzard demons
  16 spark wasps
  13 white draconians
  9 death oozes
  A crystal guardian (Zig:16)
  13 eidola
  Snorg (D:11)
  14 ettins
  5 merfolk javelineers (Shoals:4)
  10 statues
  3 deep elf death magi
  19 mummy priests
  A spectral golden dragon (Zig:10)
  9 merfolk impalers
  35 green deaths
  A minotaur (shapeshifter) (Vaults:3)
  8 fire dragons
  14 jiangshi
  8 deep elf high priests
  A kraken zombie (Coc:7)
  31 great orbs of eyes
  26 naga warriors
  12 yaktaur captains
  45 ice dragons
  11 quicksilver dragon zombies
  23 monstrous demonspawn (Pan)
  44 rakshasas
  12 hydras
  10 anacondas
  14 quicksilver dragon skeletons
  10 spriggan air magi
  34 vault guards
  9 alligator snapping turtles
  7 hell beasts
  2 ghost crabs (Tar:6)
  3 catoblepae
  6 merfolk avatars
  An anaconda (shapeshifter) (Abyss:1)
  9 merfolk aquamancers
  8 centaur warriors
  43 dancing weapons
  9 death knights
  16 ogre magi
  3 satyrs
  4 deep troll earth magi
  4 tengu warriors
  3 death yaks
  42 death scarabs
  62 hell hogs
  4 deep troll shamans
  34 two-headed ogres
  An alligator (Zig:9)
  11 titan zombies
  27 deep elf knights
  4 shock serpents
  22 vampire magi
  An orc high priest (Zig:12)
  Sonja (Lair:1)
  5 spriggan berserkers
  15 titan skeletons
  70 hell knights
  7 iron golems
  86 soul eaters
  The ghost of VanClaymore the Cruncher, a novice GrMo of Qazlal (D:9)
  5 holy swine (Pan)
  194 thrashing horrors
  142 wretched stars
  16 naga sharpshooters
  18 spriggans
  A fire crab (D:13)
  9 storm dragon zombies
  Nergalle (Lair:1)
  150 sun demons
  10 iron trolls
  225 skeletal warriors
  67 spatial maelstroms
  9 golden dragon zombies
  92 sixfirhies
  18 infernal demonspawn (Pan)
  3 ghost moth zombies
  21 unseen horrors
  3 salamander mystics
  A quicksilver dragon simulacrum (Abyss:5)
  18 anaconda zombies
  21 deep trolls
  A sea snake (shapeshifter) (Depths:3)
  40 shadow wraiths
  28 gelid demonspawn (Pan)
  24 wizards
  3 death drakes
  29 glowing orange brains
  12 storm dragon skeletons
  715 starcursed masses
  7 swamp dragons
  16 sea snakes
  28 shadow demons
  62 cherubim (Pan)
  A lindwurm (shapeshifter) (Depths:2)
  A death drake (shapeshifter) (Vaults:5)
  36 flayed ghosts
  9 golden dragon skeletons
  12 torturous demonspawn (Pan)
  An orange crystal statue (Abyss:5)
  2 unseen horrors (shapeshifter)
  16 orc knights
  10 shadow dragon zombies
  17 necromancers
  A shambling mangrove (Zig:9)
  A harpy (shapeshifter) (Abyss:2)
  12 naga ritualists
  26 phantasmal warriors
  A spectral iron dragon (Zig:10)
  16 anaconda skeletons
  19 harpies
  24 deep elf archers
  5 iron dragon zombies
  11 ironbrand convokers
  99 deep elf magi
  8 orb spiders
  79 ugly things
  16 shadow dragon skeletons
  13 fire giant zombies
  15 mana vipers
  7 oklob plants
  19 salamanders
  12 fauns
  11 frost giant zombies
  95 slime creatures
  79 worldbinders
  The ghost of Fuxmar the Sneak, a novice OpFi (D:5)
  A manticore (shapeshifter) (Depths:5)
  9 shining eyes
  27 moths of wrath
  13 cyclopes
  5 stone giant zombies
  19 manticores
  12 fire giant skeletons
  A moth of wrath (shapeshifter) (Depths:2)
  5 wolf spiders
  8 wolf spider zombies
  9 orc sorcerers
  2 cyclopes (shapeshifter)
  2 black mambas (shapeshifter) (Abyss:2)
  13 iron dragon skeletons
  16 stone giant skeletons
  39 rust devils
  4 titan simulacra
  15 guardian serpents
  15 elephants
  7 frost giant skeletons
  29 naga magi
  6 eyes of devastation
  3 torpor snails
  5 shock serpent zombies
  3 storm dragon simulacra
  14 molten gargoyles
  13 vault sentinels
  222 smoke demons
  8 water nymphs
  7 merfolk sirens
  8 dire elephant zombies
  41 black mambas
  Psyche (D:10)
  2 yaktaur zombies
  34 apocalypse crabs
  3 shock serpent skeletons
  5 spectral swamp worms (Depths:1)
  9 ice statues
  91 orange demons
  73 hellions
  A torpor snail (shapeshifter) (Abyss:2)
  A spiny frog (shapeshifter) (Abyss:2)
  8 gargoyles
  A rime drake (shapeshifter) (Depths:3)
  6 dire elephant skeletons
  5 emperor scorpion zombies
  12 spiny frogs
  3 catoblepas zombies
  6 kobold demonologists
  40 efreet
  A komodo dragon (shapeshifter) (Abyss:1)
  77 freezing wraiths
  76 ice devils
  10 komodo dragons
  A pale draconian zombie (Crypt:1)
  A purple draconian skeleton (Geh:7)
  77 tormentors
  A rime drake (Lair:5)
  31 yaktaurs
  2 tengu conjurers
  A golden dragon simulacrum (Abyss:2)
  4 catoblepas skeletons
  2 ghost moth simulacra
  66 hellwings
  29 guardian mummies
  An entropy weaver simulacrum (Vaults:1)
  5 anaconda simulacra
  52 demonic crawlers
  75 red devils
  7 harpy zombies
  A white draconian skeleton (Tar:5)
  167 ancient zymes
  A jumping spider (shapeshifter) (Abyss:5)
  41 merfolk
  13 silent spectres
  21 hydra zombies
  23 trolls
  A black draconian skeleton (Coc:7)
  16 hornets
  A jumping spider (Vaults:2)
  3 tyrant leeches (Zig:9)
  2 meliai (shapeshifter)
  A polar bear (shapeshifter) (Vaults:2)
  A hornet (shapeshifter) (Abyss:2)
  10 polar bears
  3 meliai (D:14)
  2 wind drakes (shapeshifter)
  4 shadow dragon simulacra
  3 wolf spider simulacra
  A troll (shapeshifter) (Abyss:5)
  A blink frog (shapeshifter) (Vaults:1)
  5 wind drakes
  4 harpy skeletons
  8 fire dragon zombies
  6 hydra skeletons
  266 raiju
  16 hippogriffs
  45 blink frogs
  9 bog bodies
  2 hippogriffs (shapeshifter)
  2 fire giant simulacra (Abyss:2)
  7 alligator zombies
  10 ice dragon zombies
  A meliai zombie (D:15)
  A slime creature (shapeshifter) (Vaults:5)
  2 dream sheep (Lair:6)
  17 ettin zombies
  4 stone giant simulacra
  3 redbacks (Vaults:2)
  5 wyverns
  10 snapping turtles
  3 black mamba zombies
  12 ettin skeletons
  16 fire dragon skeletons
  204 flying skulls
  11 vampires
  42 shadows
  A tarantella (shapeshifter) (Abyss:2)
  16 air elementals
  15 ushabtiu
  2 guardian serpent skeletons
  3 dire elephant simulacra
  A shock serpent simulacrum (Tar:6)
  8 alligator skeletons
  7 ice dragon skeletons
  19 fire bats
  A fire bat (shapeshifter) (Abyss:2)
  24 water elementals
  163 ynoxinuls
  3 black mamba skeletons
  4 spriggan skeletons
  A satyr skeleton (Crypt:2)
  A yak (shapeshifter) (Abyss:2)
  4 basilisks
  3 hogs (Snake:2)
  142 chaos spawn
  20 yaks
  27 fire elementals
  31 golden eyes
  70 wraiths
  147 neqoxecs
  13 vampire mosquitoes
  4 steam dragons
  A golden eye (shapeshifter) (Abyss:1)
  20 hungry ghosts
  354 small abominations
  A merfolk zombie (Abyss:3)
  10 wargs
  4 harpy simulacra
  A deep troll zombie (Vaults:5)
  97 spatial vortices
  36 insubstantial wisps
  49 nagas
  5 iron troll simulacra (IceCv)
  525 large abominations
  An emperor scorpion simulacrum (Abyss:5)
  2 acid dragons
  6 hydra simulacra
  19 spiny frog zombies
  A floating eye (Zig:6)
  109 hell hounds
  13 water moccasins
  7 porcupines
  10 sky beasts
  A merfolk skeleton (Coc:3)
  55 orc warriors
  43 ice beasts
  11 spiny frog skeletons
  A swamp drake (Zig:9)
  5 manticore zombies
  2 ettin simulacra (IceCv)
  23 eyes of draining
  3 eyes of draining (shapeshifter)
  6 black bears
  12 phantoms
  An ice dragon simulacrum (Abyss:1)
  9 snapping turtle zombies
  38 necrophages
  16 boggarts
  60 ogres
  9 snapping turtle skeletons
  36 wolves
  22 crocodiles
  16 centaurs
  A lindwurm skeleton (Crypt:2)
  5 swamp dragon skeletons
  2 manticore skeletons
  13 big kobolds
  An elf simulacrum (Vaults:1)
  2 elf zombies
  A gnoll sergeant (D:11)
  22 bullfrogs
  20 earth elementals
  2 elf skeletons
  2 spiny frog simulacra
  A glowing shapeshifter simulacrum (Vaults:2)
  A cyclops skeleton (Crypt:2)
  6 scorpions
  A wyvern skeleton (D:14)
  A water moccasin skeleton (Crypt:3)
  3 spriggan zombies
  2 human simulacra
  13 killer bees
  A troll zombie (Dis:1)
  An electric eel (Lair:1)
  2 vampire bats (D:6)
  A warg skeleton (Crypt:1)
  115 wights
  A snapping turtle simulacrum (Abyss:2)
  2 howler monkeys
  A lava snake (Snake:3)
  27 crimson imps
  2 bullfrog zombies (D:13)
  4 centaur zombies
  3 draconian simulacra (IceCv)
  63 quasits
  3 human zombies
  A bullfrog skeleton (D:9)
  25 orc priests
  9 hounds
  24 jellies
  7 centaur skeletons
  78 iron imps
  5 human skeletons
  9 iguanas
  38 orc wizards
  A lightning spire (Zig:7)
  5 troll simulacra
  6 worker ants
  A polar bear simulacrum (IceCv)
  A naga zombie (Tar:7)
  A tengu zombie (Geh:6)
  A centaur simulacrum (IceCv)
  A big kobold zombie (Ossuary)
  2 ogre zombies
  A tengu skeleton (Coc:4)
  An ogre skeleton (Tar:2)
  A hound zombie (D:9)
  A hound skeleton (D:7)
  35 mummies
  12 gnolls
  A howler monkey zombie (D:8)
  15 adders
  2 naga simulacra (IceCv)
  A swamp drake zombie (Crypt:1)
  25 shadow imps
  92 white imps
  70 ufetubi
  An ooze (D:1)
  A lava snake zombie (Crypt:2)
  An adder skeleton (D:9)
  An adder zombie (D:9)
  A worm (D:3)
  A ball lightning (Pan)
  A dart slug (D:3)
  18 leopard geckos
  123 orcs
  13 bats
  15 giant cockroaches
  2 gnoll zombies (Ossuary)
  6 hobgoblins
  8 jackals
  4 quokkas
  2 ball pythons
  A ball python skeleton (D:4)
  15 frilled lizards
  8 goblins
  3 goblin zombies
  A hobgoblin zombie (Ossuary)
  A jackal zombie (Crypt:2)
  17 kobolds
  A kobold skeleton (Crypt:3)
  3 kobold zombies
  An orc skeleton (Tar:1)
  An orc zombie (Abyss:5)
  6 rats
  A crawling corpse (Elf:1)
  7 fire vortices
  6 fungi
  16 lurking horrors
  15 plants
  191 starspawn tentacles
  8 tentacles
11709 creatures vanquished.

Vanquished Creatures (collateral kills)
  Asmodeus (Geh:7)
  Ereshkigal (Tar:7)
  An orb of fire (Zig:19)
  2 ancient liches
  A juggernaut (Zig:18)
  9 greater mummies
  11 pandemonium lords (Pan)
  A golden dragon (Vaults:5)
  3 profane servitors
  3 doom hounds (Tar:7)
  8 Brimstone Fiends
  3 electric golems (Zig:17)
  3 bone dragons
  3 Tzitzimimeh (Pan)
  4 liches
  A hellephant (Zig:12)
  4 iron giants
  5 Hell Sentinels
  6 Ice Fiends
  A tentacled monstrosity (Vaults:5)
  A deep elf master archer (Zig:11)
  A quicksilver dragon (Vaults:5)
  An eldritch tentacle (Pan)
  An acid blob (Slime:5)
  5 ancient champions
  7 titans
  17 Executioners
  A tentacled starspawn (Zig:8)
  4 storm dragons
  3 daevas
  An azure jelly (Zig:6)
  2 nagarajas (Snake:4)
  5 revenants
  4 blood saints (Pan)
  6 vault wardens (Vaults:5)
  8 iron dragons
  A fire giant (Zig:18)
  4 frost giants
  15 cacodemons
  A deep elf sorcerer (Elf:3)
  6 warmongers (Pan)
  3 small abominations
  15 balrugs
  3 curse skulls
  A stone giant (Zig:18)
  2 ironheart preservers (Vaults:5)
  5 very ugly things
  2 apis (Pan)
  21 reapers
  5 war gargoyles
  A deep elf demonologist (Zig:11)
  2 bennus
  A dire elephant (Zig:12)
  A corrupter (Pan)
  4 black suns (Pan)
  A lorocyproca (Pan)
  3 merfolk javelineers (Zig:14)
  4 green deaths
  3 deep elf death magi
  16 blizzard demons
  3 ettins
  A crystal guardian (Vaults:5)
  4 death oozes (Slime:5)
  3 eidola
  3 mummy priests
  A fire dragon (Zig:19)
  3 yaktaur captains (Vaults:5)
  6 naga warriors
  A hell beast (Pan)
  11 monstrous demonspawn (Pan)
  9 vault guards (Vaults:5)
  5 rakshasas (Pan)
  3 hydras
  A centaur warrior (D:15)
  A juggernaut simulacrum (Pan)
  An anaconda (shapeshifter) (Vaults:5)
  2 two-headed ogres (Vaults:5)
  3 dancing weapons
  14 death scarabs
  A satyr (Zig:14)
  An anaconda (Zig:10)
  A death yak (Zig:12)
  4 vampire magi
  3 naga sharpshooters (Snake:4)
  40 sun demons (Pan)
  2 titan zombies
  A holy swine (Pan)
  4 thrashing horrors
  3 hell knights (Hell)
  2 deep elf knights
  A shock serpent (Zig:10)
  21 soul eaters
  2 wretched stars (Abyss:1)
  26 skeletal warriors
  3 sea snakes (Zig:14)
  2 golden dragon zombies (Dis:7)
  6 shadow wraiths (Tar:7)
  A storm dragon skeleton (Pan)
  13 sixfirhies
  7 torturous demonspawn (Pan)
  A flayed ghost (Zig:14)
  2 wizards (Pan)
  10 shadow demons
  5 deep trolls (Vaults:5)
  A cherub (Pan)
  7 infernal demonspawn (Pan)
  A ghost moth zombie (Dis:7)
  7 gelid demonspawn (Pan)
  3 deep elf archers
  A naga ritualist (Zig:10)
  An anaconda zombie (Hell)
  A harpy (Zig:14)
  2 phantasmal warriors
  A shadow dragon zombie (Dis:3)
  37 large abominations
  A fire giant zombie (Dis:2)
  12 deep elf magi
  4 oklob plants
  A mana viper (Zig:10)
  A frost giant zombie (Tar:7)
  An iron dragon skeleton (Tomb:2)
  A salamander (Zig:10)
  3 ugly things
  A wolf spider (Vaults:5)
  2 manticores (Zig:14)
  2 fauns (Zig:14)
  An elephant (Zig:12)
  A worldbinder (Zig:8)
  3 cyclopes (Zig:18)
  A merfolk siren (Zig:14)
  A fire giant skeleton (Pan)
  11 rust devils
  A guardian serpent (Zig:10)
  3 vault sentinels (Vaults:5)
  27 smoke demons
  A black mamba (Zig:10)
  2 torpor snails
  27 orange demons (Pan)
  A spiny frog (Zig:12)
  3 naga magi
  3 water nymphs (Zig:14)
  3 yaktaurs (Vaults:5)
  A dire elephant skeleton (Dis:7)
  5 hellions
  4 ice devils (Pan)
  2 komodo dragons (Zig:12)
  5 efreet
  16 tormentors
  11 hellwings (Pan)
  18 demonic crawlers (Pan)
  7 merfolk (Zig:14)
  A spriggan skeleton (Zig:5)
  19 guardian mummies
  34 red devils
  2 harpy skeletons (Pan)
  A hydra skeleton (Hell)
  A wind drake (Zig:14)
  A bog body (Zig:9)
  5 hornets
  A fire dragon zombie (Dis:1)
  A blink frog (Zig:5)
  4 raiju
  A slime creature (Zig:6)
  2 hippogriffs (Zig:12)
  10 flying skulls
  An alligator skeleton (Hell)
  A fire dragon skeleton (Tomb:3)
  A shadow (Dis:2)
  An ettin skeleton (Tar:7)
  A spriggan (Zig:9)
  2 fire elementals
  16 ushabtiu
  An ice dragon skeleton (Pan)
  3 water elementals
  7 wraiths
  13 neqoxecs
  19 chaos spawn
  22 ynoxinuls
  A hungry ghost (Abyss:1)
  4 nagas
  An insubstantial wisp (Abyss:1)
  A spatial vortex (Abyss:1)
  A water moccasin (Zig:12)
  18 hell hounds
  A spiny frog zombie (Dis:7)
  A spiny frog skeleton (Tomb:1)
  An eye of draining (Zig:4)
  A swamp drake (Zig:9)
  A snapping turtle zombie (Dis:3)
  An ettin simulacrum (Tomb:3)
  3 crocodiles
  An earth elemental (Zig:6)
  3 wights (Dis:1)
  11 iron imps
  19 mummies
  A shadow imp (Tar:7)
  3 white imps (Zig:7)
  A demonic plant (Pan)
  2 fire vortices (Pan)
  5 plants (Zig:7)
996 creatures vanquished.

Vanquished Creatures (others)
  A pandemonium lord (Pan)
  A deep elf master archer (Elf:3)
  2 eldritch tentacles
  A tentacled starspawn (Abyss:5)
  A fire giant (Vaults:5)
  A draconian knight (Zot:3)
  An elemental wellspring (Coc:5)
  3 stone giants
  An apis (Pan)
  2 starcursed masses
  2 spark wasps (Zig:17)
  A merfolk javelineer (Abyss:3)
  A yaktaur captain (Vaults:4)
  A rakshasa (Pan)
  2 spriggan air magi (Zig:17)
  21 death scarabs
  2 satyrs
  A merfolk aquamancer (Shoals:4)
  3 centaur warriors
  4 hell hogs
  A sun demon (Pan)
  A shadow wraith (Vaults:5)
  4 cherubim (Pan)
  An infernal demonspawn (Pan)
  A torturous demonspawn (Pan)
  A flayed ghost (Geh:7)
  A deep elf mage (Vaults:5)
  A cyclops (shapeshifter) (Depths:3)
  A moth of wrath (Zot:5)
  A black mamba (Zig:8)
  4 smoke demons
  An efreet (Abyss:1)
  4 yaktaurs
  An ice devil (Dis:6)
  2 hellwings (Pan)
  2 large abominations
  5 raiju
  An ettin zombie (Coc:1)
  A hydra skeleton (Coc:1)
  2 flying skulls
  A wyvern (Zig:12)
  A shadow (Abyss:2)
  3 ynoxinuls
  A fire elemental (Geh:1)
  2 neqoxecs
  5 small abominations
  3 humans (Snake:2)
  A chaos spawn (Abyss:2)
  2 spatial vortices (Abyss:5)
  A naga (Snake:3)
  7 insubstantial wisps
  An orc warrior (Vaults:4)
  An eye of draining (Abyss:2)
  A centaur (Vaults:3)
  3 wights
  3 mummies (Tomb:2)
  3 white imps (Abyss:2)
  An ufetubus (Abyss:2)
  12 ball lightnings (Pan)
  2 orcs
  An orc skeleton (Geh:7)
  A block of ice (Pan)
  A bush (Abyss:2)
  A demonic plant (Pan)
  11 fungi
  18 lurking horrors
  19 plants
  252 starspawn tentacles
  11 tentacles
457 creatures vanquished.

Grand Total: 13162 creatures vanquished

Notes
Turn   | Place    | Note
-------+----------+-------------------------------------------
     0 | D:1      | KleinerIrrer the Formicid Fighter began the quest for the Orb.
     0 | D:1      | Reached XP level 1. HP: 18/18 MP: 1/1
    19 | D:1      | Reached XP level 2. HP: 19/24 MP: 2/2
   363 | D:1      | Reached XP level 3. HP: 27/29 MP: 3/3
   984 | D:2      | Reached XP level 4. HP: 32/36 MP: 4/4
  1030 | D:2      | Found a basalt altar of Yredelemnul.
  1211 | D:2      | Found a glowing silver altar of Zin.
  1474 | D:3      | Reached XP level 5. HP: 40/41 MP: 5/5
  1863 | D:4      | Noticed an ogre
  1867 | D:4      | Noticed Norrik's ghost (novice MiFi)
  1872 | D:4      | Killed an ogre
  1872 | D:4      | Reached skill level 1 in Dodging
  1872 | D:4      | Reached XP level 6. HP: 45/48 MP: 6/6
  1881 | D:4      | Reached skill level 5 in Shields
  1974 | D:4      | Noticed a phantom
  2027 | D:4      | Killed a phantom
  2027 | D:4      | Reached XP level 7. HP: 49/54 MP: 7/7
  2069 | D:4      | Found an ornate altar of the Wu Jian Council.
  2239 | D:4      | Reached skill level 5 in Axes
  2243 | D:4      | Found a blossoming altar of Fedhas.
  2341 | D:4      | Found an opulent altar of Gozag.
  2452 | D:4      | Found Joeno's Jewellery Boutique.
  2694 | D:5      | Entered Level 5 of the Dungeon
  2725 | D:5      | Noticed Fuxmar's ghost (novice OpFi)
  2748 | D:5      | Found a sand-covered staircase.
  2758 | Ossuary  | Entered an ossuary
  3190 | D:5      | Reached XP level 8. HP: 35/61 MP: 8/8
  3262 | D:5      | Reached skill level 5 in Armour
  3377 | D:5      | Found an ancient bone altar of Kikubaaqudgha.
  3460 | D:5      | Killed Fuxmar's ghost
  3460 | D:5      | Reached skill level 5 in Fighting
  3705 | D:5      | Reached XP level 9. HP: 55/68 MP: 9/9
  3938 | D:5      | Found Ujebbie's Antique Armour Boutique.
  3943 | D:5      | Bought a large shield for 130 gold pieces
  4199 | D:6      | Found a sacrificial altar of Ru.
  4544 | D:6      | Found a staircase to the Ecumenical Temple.
  4549 | Temple   | Entered the Ecumenical Temple
  4595 | Temple   | Became a worshipper of the Shining One
  5023 | D:6      | Reached * piety under the Shining One
  5330 | D:6      | Found the +4 Vampire's Tooth {vamp}
  5418 | D:7      | Noticed a hippogriff
  5429 | D:7      | Killed a hippogriff
  5429 | D:7      | Reached XP level 10. HP: 54/76 MP: 10/10
  6564 | D:8      | Reached ** piety under the Shining One
  6669 | D:8      | Reached skill level 10 in Axes
  7101 | D:8      | Found a shimmering altar of Xom.
  7108 | D:8      | Found a shimmering altar of Xom.
  7108 | D:8      | Found a deep blue altar of Sif Muna.
  7110 | D:8      | Found a radiant altar of Vehumet.
  7110 | D:8      | Found a shadowy altar of Dithmenos.
  7110 | D:8      | Found an ornate altar of the Wu Jian Council.
  7280 | D:8      | Reached skill level 1 in Invocations
  7340 | D:9      | Noticed VanClaymore's ghost (novice GrMo)
  7397 | D:9      | Killed VanClaymore's ghost
  7552 | D:9      | Reached XP level 11. HP: 70/84 MP: 12/12
  7700 | D:9      | Reached skill level 10 in Shields
  7745 | D:9      | Found a staircase to the Lair.
  7759 | D:9      | Found a shadowy altar of Dithmenos.
  7969 | D:9      | Found a bloodstained altar of Trog.
  8015 | D:9      | Noticed a two-headed ogre
  8024 | D:9      | Killed a two-headed ogre
  8069 | D:9      | Reached *** piety under the Shining One
  8335 | D:10     | Entered Level 10 of the Dungeon
  8440 | D:10     | Noticed Psyche
  8473 | D:10     | Killed Psyche
  8590 | D:10     | Found a staircase to the Orcish Mines.
  9150 | Orc:1    | Entered Level 1 of the Orcish Mines
  9157 | D:10     | Reached skill level 5 in Invocations
  9335 | Orc:1    | Noticed an orc sorcerer
  9339 | Orc:1    | Killed an orc sorcerer
  9443 | Orc:1    | Noticed an orc knight
  9453 | Orc:1    | Reached XP level 12. HP: 89/93 MP: 16/16
  9729 | Orc:2    | Entered Level 2 of the Orcish Mines
  9939 | Orc:2    | Reached **** piety under the Shining One
 10186 | Orc:2    | Found Onidif's Antique Armour Shoppe.
 10208 | Orc:2    | Found a staircase to the Elven Halls.
 10210 | Orc:2    | Bought a pair of runed gloves for 210 gold pieces
 10267 | Orc:2    | Noticed a deep troll
 10304 | Orc:1    | Killed a deep troll
 10339 | Orc:2    | Noticed a two-headed ogre
 10340 | Orc:2    | Noticed an ogre mage
 10381 | Orc:2    | Noticed a two-headed ogre
 10386 | Orc:1    | Killed a two-headed ogre
 10419 | Orc:1    | Killed a two-headed ogre
 10479 | Orc:2    | Noticed a two-headed ogre
 10479 | Orc:2    | Noticed a deep troll
 10505 | Orc:2    | Noticed a two-headed ogre
 10534 | Orc:1    | Killed a deep troll
 10538 | Orc:1    | Killed a two-headed ogre
 10538 | Orc:1    | Reached XP level 13. HP: 43/101 MP: 18/18
 11052 | Orc:2    | Found Uxymach's Book Shoppe.
 11056 | Orc:2    | Found Odghodeb's Magic Scroll Shoppe.
 11059 | Orc:2    | Found Hathrad's Assorted Antiques.
 11064 | Orc:2    | Found Fehiseh's Armour Emporium.
 11152 | Orc:2    | Noticed an ettin
 11214 | Orc:1    | Killed an ettin
 11346 | Orc:2    | Bought the +2 shield of Resistance {rF+ rC+ MR+} for 575 gold pieces
 11346 | Orc:2    | Found the +2 shield of Resistance {rF+ rC+ MR+}
 11600 | D:4      | Bought an uncursed ring of poison resistance for 240 gold pieces
 11759 | Lair:1   | Entered Level 1 of the Lair of Beasts
 11882 | Lair:1   | Noticed Nergalle
 11896 | Lair:1   | Killed Nergalle
 12241 | Lair:1   | Reached ***** piety under the Shining One
 12365 | Lair:1   | Noticed Sonja
 12385 | Lair:1   | Cast into level 1 of the Abyss (Sonja)
 12576 | Abyss:1  | Reached skill level 10 in Fighting
 12608 | Abyss:1  | Reached XP level 14. HP: 96/110 MP: 21/21
 12658 | Abyss:1  | Noticed an ancient lich
 12672 | Abyss:1  | Killed an ancient lich
 12817 | Abyss:1  | Reached skill level 10 in Invocations
 12830 | Abyss:1  | Reached skill level 15 in Axes
 12833 | Abyss:1  | Noticed a green very ugly thing
 12843 | Abyss:1  | Noticed a tentacled starspawn
 12849 | Abyss:1  | Killed a tentacled starspawn
 12851 | Lair:1   | Escaped the Abyss
 12930 | Lair:1   | Killed Sonja
 13641 | Lair:2   | Got a jewelled fustibalus
 13939 | Lair:2   | Found an iron altar of Okawaru.
 14126 | Orc:2    | Bought a scroll of identify for 30 gold pieces
 14126 | Orc:2    | Bought a scroll of enchant weapon for 112 gold pieces
 14126 | Orc:2    | Bought a scroll of enchant weapon for 112 gold pieces
 14130 | Orc:2    | Identified the +6 fustibalus "Duogeok" {flame, +Inv rC+ Dex+4} (You found it on level 2 of the Lair of Beasts)
 14851 | Lair:3   | Noticed Gastronok
 14862 | Lair:3   | Killed Gastronok
 15361 | Lair:4   | Found a staircase to the Shoals.
 15552 | Lair:4   | Reached XP level 15. HP: 108/117 MP: 23/23
 15710 | Lair:4   | Found a staircase to the Snake Pit.
 16068 | Lair:5   | Reached skill level 10 in Armour
 16783 | Lair:5   | Found a staircase to the Slime Pits.
 18336 | Lair:5   | Got a pitted hunting sling
 18393 | Lair:6   | Entered Level 6 of the Lair of Beasts
 18705 | Lair:6   | Identified the +6 hunting sling "Uru Emux" {velocity, Dex+3} (You found it on level 5 of the Lair of Beasts)
 18945 | Lair:6   | Got a smoking hunting sling
 19154 | Lair:6   | Got a steaming mace {venom}
 19169 | Lair:6   | Identified the cursed +1 mace of Currency {venom, *Noise rElec rF+} (You took it off a spriggan on level 6 of the Lair of Beasts)
 19321 | Lair:6   | Reached XP level 16. HP: 120/123 MP: 25/25
 20004 | D:11     | Noticed Snorg
 20011 | D:11     | Killed Snorg
 20399 | D:11     | Reached ****** piety under the Shining One
 20482 | D:11     | Found a runed door.
 20529 | D:11     | Got an ivory rapier
 20891 | D:11     | Found a roughly hewn altar of Beogh.
 21410 | D:13     | Noticed Nessos
 21430 | D:13     | Killed Nessos
 21577 | D:13     | Identified a +8 executioner's axe of holy wrath (a +6 executioner's axe blessed by the Shining One)
 21577 | D:13     | Received a gift from the Shining One
 21643 | D:13     | Found a gate to the Vaults.
 22279 | D:13     | Found a runed door.
 22458 | D:13     | Got a wavering ivory ring
 22464 | D:13     | Identified the ring of Xothrob {+Inv rF+++ MR+++ Str+2 Int-5} (You found it on level 13 of the Dungeon)
 22545 | D:14     | Found a white marble altar of Elyvilon.
 22718 | D:14     | Found Utigh's Magic Scroll Shop.
 22728 | D:14     | Bought a scroll of identify for 24 gold pieces
 22728 | D:14     | Bought a scroll of identify for 24 gold pieces
 22728 | D:14     | Bought a scroll of identify for 24 gold pieces
 22728 | D:14     | Identified the +11 rapier of Wopomn {flame, *Drain MR+ Int+7} (You found it on level 11 of the Dungeon)
 22862 | D:14     | Learned a level 5 spell: Borgnjor's Vile Clutch
 23009 | D:14     | Reached XP level 17. HP: 121/129 MP: 26/26
 23471 | D:15     | Entered Level 15 of the Dungeon
 24144 | D:15     | Reached XP level 18. HP: 136/136 MP: 27/27
 24145 | D:15     | Reached XP level 19. HP: 142/142 MP: 28/28
 24586 | D:15     | Found a staircase to the Depths.
 25009 | Elf:1    | Entered Level 1 of the Elven Halls
 26766 | Elf:2    | Noticed Nikola
 26782 | Elf:2    | Killed Nikola
 26782 | Elf:2    | Reached XP level 20. HP: 36/151 MP: 29/29
 27065 | Elf:2    | Found a runed gate.
 27067 | Elf:2    | Found a runed gate.
 27068 | Elf:2    | Found a runed gate.
 27505 | Elf:2    | Reached skill level 15 in Armour
 27940 | Elf:3    | Entered Level 3 of the Elven Halls
 28009 | Elf:3    | Noticed a Tzitzimitl
 28687 | Elf:3    | Found Vohuw's General Store.
 29321 | Snake:1  | Entered Level 1 of the Snake Pit
 29477 | Snake:1  | Got a polished great sword
 29549 | Snake:1  | Found a hazy altar of Hepliaklqana.
 29592 | Snake:1  | Found a frozen archway.
 29606 | IceCv    | Entered an ice cave
 30053 | IceCv    | Noticed an Ice Fiend
 30060 | IceCv    | Killed an Ice Fiend
 30078 | IceCv    | Got a crude trident
 30087 | IceCv    | Identified the +3 great sword of Pride {speed, rC+ Dex+6} (You found it on level 1 of the Snake Pit)
 30089 | IceCv    | Identified the +7 trident "Giantslayer" {freeze, rC+ Int+2 Dex-3} (You found it in an ice cave)
 31134 | Snake:1  | Reached XP level 21. HP: 145/162 MP: 30/30
 31460 | Snake:2  | Noticed Kirke
 31681 | Snake:2  | Killed Kirke
 32349 | Snake:3  | Found Nacsek's Distillery.
 32403 | Snake:3  | Bought a potion of might for 60 gold pieces
 32782 | Snake:3  | You fall through a shaft!
 32782 | Snake:4  | Entered Level 4 of the Snake Pit
 32941 | Snake:4  | Noticed supermoro's ghost (adept MiFi)
 32969 | Snake:4  | Killed supermoro's ghost
 35071 | Snake:4  | Reached XP level 22. HP: 153/173 MP: 31/31
 35378 | Snake:4  | Got a serpentine rune of Zot
 35806 | Vaults:1 | Entered Level 1 of the Vaults
 35832 | Vaults:1 | Got a transparent chain mail
 35857 | D:13     | Identified the cursed +0 chain mail of Beauty {Str+4} (You found it on level 1 of the Vaults)
 35922 | Depths:1 | Entered Level 1 of the Depths
 35924 | Depths:1 | Noticed the Enchantress
 36681 | Vaults:1 | Reached skill level 15 in Fighting
 37317 | Vaults:1 | Found Moxt's General Store.
 37747 | Elf:3    | Found Yrupnar's Jewellery Shop.
 37747 | Elf:3    | Found Etuibee's Gadget Shoppe.
 37752 | Elf:3    | Found Keit's Jewellery Shop.
 37775 | Elf:3    | Bought the ring of Tomiutast {rElec rPois rF- Str+5 Dex+6} for 910 gold pieces
 37782 | Elf:3    | Bought a +3 amulet of reflection for 172 gold pieces
 38647 | Elf:3    | Reached XP level 23. HP: 183/183 MP: 32/32
 38688 | Elf:3    | Identified the Catalogue of Creative Feathers
 38948 | Elf:3    | Got a transparent halberd {holy}
 38949 | Elf:3    | Identified the +5 halberd "Doxack" {holy, MP-9 Dex+5} (You took it off a deep elf death mage on level 3 of the Elven Halls)
 38958 | Elf:3    | Got a warped silver ring
 38960 | Elf:3    | Identified the ring of Xom's Bemusement {*Corrode rElec rPois MP+9} (You found it on level 3 of the Elven Halls)
 38991 | Elf:3    | Got a crude halberd
 38993 | Elf:3    | Got a pitted dire flail
 38994 | Elf:3    | Identified the +4 halberd "Nuiraubu" {holy, +Fly rElec Dex+3} (You found it on level 3 of the Elven Halls)
 38995 | Elf:3    | Identified the +4 dire flail "Widowmaker" {vamp, Dex+6} (You found it on level 3 of the Elven Halls)
 39014 | Elf:3    | Got a scorched hand axe
 39015 | Elf:3    | Identified the cursed +3 hand axe "Depebl Vukhlu" {chop, rPois Str+2 Dex+2} (You found it on level 3 of the Elven Halls)
 39098 | Elf:3    | Got a dazzling mace {flame}
 39099 | Elf:3    | Identified the +1 mace of Law {flame, Int+3} (You took it off a deep elf annihilator on level 3 of the Elven Halls)
 39125 | Elf:3    | Identified the Papyrus of Changing and Creation
 39143 | Elf:3    | Identified Sif Muna's Compendium of the Poisonous Rocks
 39165 | Elf:3    | Identified a scroll of acquirement
 39169 | Elf:3    | Got a heavily runed cloak
 39180 | Elf:3    | Identified the +0 cloak of Intercession {rElec rN+} (You acquired it on level 3 of the Elven Halls)
 39211 | Elf:3    | Got an iridescent demon blade
 39212 | Elf:3    | Identified the +7 demon blade of Tenacity {vamp, rPois rF+ rN+ Str+2} (You found it on level 3 of the Elven Halls)
 39725 | D:15     | Killed the Enchantress
 39889 | Depths:1 | Found Juner Ypuliz's Assorted Antiques.
 39895 | Depths:1 | Found Naillaso's Antique Weapon Emporium.
 39895 | Depths:1 | Found Dici's Antique Armour Shoppe.
 40113 | Depths:1 | Found Sapuf's Antique Weapon Emporium.
 40138 | Depths:1 | Bought a steaming arbalest for 351 gold pieces
 40138 | Depths:1 | Identified the cursed +1 arbalest of Kigid {freeze, MR+ Str+3} (You bought it in a shop on level 1 of the Depths)
 40147 | Depths:1 | Bought an embroidered scarf for 296 gold pieces
 40311 | Depths:1 | Learned a level 6 spell: Statue Form
 40421 | Depths:1 | Noticed Asterion
 40599 | Depths:1 | Killed Asterion
 40709 | Depths:1 | Found a gateway to Hell.
 42461 | Depths:2 | Got a transparent dagger
 42462 | Depths:2 | Identified the +9 dagger "Edya" {chaos, rN++} (You found it on level 2 of the Depths)
 42489 | Depths:2 | Reached skill level 15 in Shields
 42732 | Depths:3 | Reached XP level 24. HP: 187/193 MP: 32/32
 43759 | Depths:3 | Learned a level 3 spell: Portal Projectile
 43912 | Depths:3 | Found a one-way gate to the infinite horrors of the Abyss.
 44233 | Depths:3 | Found a one-way gate leading to the halls of Pandemonium.
 45184 | Shoals:1 | Entered Level 1 of the Shoals
 45218 | Shoals:1 | Found Oceroosu's Armour Shop.
 45230 | Shoals:1 | Bought a +1 pair of boots of running for 584 gold pieces
 45315 | Shoals:1 | Found Xyacsy's Armour Emporium.
 45715 | Shoals:1 | Found Roasch's Magic Scroll Shoppe.
 45757 | Shoals:1 | Bought a scroll of enchant weapon for 105 gold pieces
 46874 | Shoals:2 | Reached skill level 5 in Dodging
 47598 | Shoals:3 | Found Diurhem's Weapon Shop.
 47767 | Shoals:3 | Found Iguts's Weapon Shop.
 47802 | Shoals:3 | Found Wiclyno's Magic Scroll Shoppe.
 48145 | Shoals:3 | Found Bylier's Gadget Emporium.
 48326 | Shoals:3 | Found Hiloy's Food Shop.
 48448 | Shoals:4 | Entered Level 4 of the Shoals
 48603 | Shoals:4 | Reached XP level 25. HP: 199/203 MP: 32/32
 48674 | Shoals:4 | Got a barnacled rune of Zot
 49279 | Shoals:4 | Noticed Ilsuiw
 49301 | Shoals:4 | Killed Ilsuiw
 50748 | Depths:4 | Reached skill level 1 in Evocations
 51583 | Depths:4 | Noticed a caustic shrike
 51590 | Depths:4 | Killed a caustic shrike
 51919 | Depths:1 | You fall through a shaft!
 51973 | Depths:1 | Bought a scroll of enchant armour for 180 gold pieces
 52264 | Shoals:1 | Bought a scroll of enchant armour for 105 gold pieces
 52264 | Shoals:1 | Bought a scroll of enchant armour for 105 gold pieces
 52264 | Shoals:1 | Bought a scroll of enchant armour for 105 gold pieces
 52264 | Shoals:1 | Bought a scroll of enchant armour for 105 gold pieces
 53162 | Depths:4 | Reached XP level 26. HP: 209/213 MP: 32/32
 53505 | Depths:5 | Entered Level 5 of the Depths
 53510 | Depths:5 | Reached skill level 5 in Evocations
 53806 | Depths:5 | Reached skill level 10 in Dodging
 54387 | Depths:5 | Found a gateway to a ziggurat.
 55074 | Depths:5 | Found a gate to the Realm of Zot.
 55181 | Depths:5 | Noticed Mennas
 55225 | Depths:5 | Killed Mennas
 55636 | Hell     | Entered the Vestibule of Hell
 55646 | Hell     | Noticed Geryon
 55657 | Hell     | Killed Geryon
 55750 | Hell     | Found a gateway to the freezing wastes of Cocytus.
 55783 | Coc:1    | Entered Level 1 of Cocytus
 55886 | Coc:1    | Reached XP level 27. HP: 224/224 MP: 32/32
 55887 | Coc:1    | Noticed a shard shrike
 55894 | Coc:1    | Killed a shard shrike
 55997 | Coc:1    | Noticed a shard shrike
 56002 | Coc:1    | Killed a shard shrike
 56369 | Coc:2    | Noticed a shard shrike
 56376 | Coc:2    | Killed a shard shrike
 57330 | Coc:5    | Noticed a shard shrike
 57338 | Coc:5    | Killed a shard shrike
 57506 | Coc:5    | Noticed a shard shrike
 57526 | Coc:5    | Killed a shard shrike
 57828 | Coc:6    | Reached skill level 1 in Earth Magic
 57828 | Coc:6    | Reached skill level 10 in Evocations
 57942 | Coc:7    | Entered Level 7 of Cocytus
 57942 | Coc:7    | Noticed a shard shrike
 57945 | Coc:7    | Noticed a shard shrike
 57950 | Coc:7    | Reached skill level 1 in Necromancy
 57953 | Coc:7    | Reached skill level 1 in Transmutations
 57953 | Coc:7    | Reached skill level 1 in Spellcasting
 57959 | Coc:7    | Killed a shard shrike
 57973 | Coc:7    | Killed a shard shrike
 58325 | Coc:7    | Noticed a shard shrike
 58325 | Coc:7    | Noticed a shard shrike
 58333 | Coc:7    | Killed a shard shrike
 58342 | Coc:7    | Killed a shard shrike
 58358 | Coc:7    | Noticed a shard shrike
 58360 | Coc:7    | Noticed a shard shrike
 58371 | Coc:7    | Killed a shard shrike
 58384 | Coc:7    | Killed a shard shrike
 58437 | Coc:7    | Noticed a shard shrike
 58437 | Coc:7    | Noticed a shard shrike
 58437 | Coc:7    | Noticed a shard shrike
 58437 | Coc:7    | Noticed a shard shrike
 58448 | Coc:7    | Killed a shard shrike
 58448 | Coc:7    | Killed a shard shrike
 58454 | Coc:7    | Killed a shard shrike
 58458 | Coc:7    | Killed a shard shrike
 58575 | Coc:7    | Noticed Antaeus
 58594 | Coc:7    | Noticed a shard shrike
 58623 | Coc:7    | Noticed a shard shrike
 58635 | Coc:7    | Killed a shard shrike
 58647 | Coc:7    | Killed a shard shrike
 58739 | Coc:7    | Reached skill level 5 in Earth Magic
 58817 | Coc:7    | Killed Antaeus
 58836 | Coc:7    | Got an icy rune of Zot
 58940 | Coc:7    | Reached skill level 5 in Transmutations
 59275 | Coc:7    | Reached skill level 5 in Necromancy
 59391 | Hell     | Found a gateway to the Iron City of Dis.
 59572 | Hell     | Found a gateway to the ashen valley of Gehenna.
 59666 | Hell     | Found a gateway to the decaying netherworld of Tartarus.
 59988 | Vaults:2 | Reached skill level 5 in Spellcasting
 60481 | Vaults:2 | Found Oqonucidwa's Assorted Antiques.
 60483 | Vaults:2 | Bought a potion of heal wounds for 185 gold pieces
 60589 | Vaults:2 | Noticed Bai Suzhen
 60598 | Vaults:2 | Killed Bai Suzhen
 60644 | Vaults:2 | Reached skill level 1 in Maces & Flails
 61604 | Vaults:3 | Got a faintly glowing lapis lazuli ring
 61703 | Vaults:3 | Found Fer Wafo's General Store.
 61715 | Vaults:3 | Bought a potion of heal wounds for 85 gold pieces
 61715 | Vaults:3 | Bought 2 potions of might for 136 gold pieces
 61788 | Vaults:3 | Found a staircase to the Crypt.
 61857 | Vaults:3 | Got a pair of steaming boots
 61868 | Vaults:3 | Identified the +1 pair of boots of the Guardian {rElec rC+ MR+ Regen+ Str-2} (You found it on level 3 of the Vaults)
 62888 | Vaults:4 | Found Bupeenu's General Store.
 64234 | Crypt:1  | Entered Level 1 of the Crypt
 64344 | Crypt:1  | Found a magical portal.
 64347 | WizLab   | Entered Iskenderun's Mystic Tower
 64357 | WizLab   | Reached skill level 5 in Maces & Flails
 65052 | WizLab   | Identified Iskenderun's Grimoire of the Ageless Emperors
 65052 | WizLab   | Identified Iskenderun's Compendium of Arcane Weapons
 65074 | WizLab   | Identified the ring "Qaib Mesh" {+Fly rC++ MR+} (You found it on level 3 of the Vaults)
 65079 | WizLab   | Got an iridescent short sword
 65080 | WizLab   | Identified the +3 short sword of the Endless Expanse {freeze, Dex+2} (You found it in a wizard's laboratory)
 66738 | Crypt:3  | Entered Level 3 of the Crypt
 66739 | Crypt:3  | Found a staircase to the Tomb.
 66768 | Crypt:3  | Noticed Margery
 66789 | Crypt:3  | Killed Margery
 67013 | Crypt:3  | Reached skill level 10 in Earth Magic
 67148 | Crypt:3  | Noticed an ancient lich
 67158 | Crypt:3  | Killed an ancient lich
 67268 | Crypt:3  | Identified the Papyrus of Evil Rituals
 67283 | Crypt:3  | Got a brightly glowing lead ring
 67286 | Crypt:3  | Identified the ring of Xeoh {rPois rC+ rN+ Dex+4} (You found it on level 3 of the Crypt)
 67690 | Crypt:3  | Got a crude mace
 67691 | Crypt:3  | Identified the cursed +3 mace "Weupniq" {drain, *Slow rElec Dex+6 SInv} (You found it on level 3 of the Crypt)
 68622 | Zot:1    | Entered Level 1 of the Realm of Zot
 69146 | Zot:1    | Reached skill level 10 in Transmutations
 69269 | Zot:1    | Noticed an orb of fire
 69275 | Zot:1    | Killed an orb of fire
 70194 | Zot:2    | Reached skill level 15 in Dodging
 71984 | Zot:3    | Reached skill level 10 in Necromancy
 72215 | Zot:3    | Reached skill level 10 in Spellcasting
 73356 | Zot:5    | Entered Level 5 of the Realm of Zot
 73996 | Zot:5    | Noticed an ancient lich
 74004 | Zot:5    | Killed an ancient lich
 74005 | Zot:5    | Noticed an ancient lich
 74006 | Zot:5    | Noticed an orb of fire
 74019 | Zot:5    | Killed an ancient lich
 74025 | Zot:5    | Gained mutation: Your spells are a little easier to cast, but a little less powerful. [an orb of fire]
 74036 | Zot:5    | Gained mutation: You are dopey. (Int -2) [an orb of fire]
 74051 | Zot:5    | Killed an orb of fire
 74167 | Zot:5    | Noticed an orb of fire
 74169 | Zot:5    | Noticed an ancient lich
 74171 | Zot:5    | Gained mutation: Armour fits poorly on your strangely shaped body. [an orb of fire]
 74180 | Zot:5    | Killed an orb of fire
 74185 | Zot:5    | Killed an ancient lich
 74315 | Zot:5    | Noticed an ancient lich
 74324 | Zot:5    | Killed an ancient lich
 74475 | Zot:5    | Noticed an ancient lich
 74482 | Zot:5    | Noticed an orb of fire
 74482 | Zot:5    | Killed an ancient lich
 74482 | Zot:5    | Reached skill level 10 in Maces & Flails
 74483 | Zot:5    | Gained mutation: You expend magic power (3 MP) to strengthen your wands. [an orb of fire]
 74506 | Zot:5    | Killed an orb of fire
 74540 | Zot:5    | Noticed an orb of fire
 74540 | Zot:5    | Gained mutation: Your body sometimes deteriorates upon taking damage. [an orb of fire]
 74550 | Zot:5    | Gained mutation: Scrolls take you a little longer to read. [an orb of fire]
 74554 | Zot:5    | Killed an orb of fire
 74865 | Geh:1    | Entered Level 1 of Gehenna
 75089 | Depths:1 | Bought the +10 dark maul {crush} for 2467 gold pieces
 75089 | Depths:1 | Found the +10 dark maul {crush}
 75223 | Geh:1    | Reached skill level 15 in Evocations
 75947 | Hell     | Lost mutation: You are dopey. (Int -2) [potion of mutation]
 75947 | Hell     | Lost mutation: Your body sometimes deteriorates upon taking damage. [potion of mutation]
 75947 | Hell     | Gained mutation: You are partially covered in slimy green scales. (AC +2) [potion of mutation]
 75948 | Hell     | Lost mutation: Armour fits poorly on your strangely shaped body. [potion of mutation]
 75948 | Hell     | Lost mutation: Scrolls take you a little longer to read. [potion of mutation]
 75948 | Hell     | Gained mutation: Your body sometimes deteriorates upon taking damage. [potion of mutation]
 75948 | Hell     | Gained mutation: You have large cloven feet. [potion of mutation]
 76129 | Lair:1   | Lost mutation: You have large cloven feet. [potion of mutation]
 76129 | Lair:1   | Lost mutation: Your body sometimes deteriorates upon taking damage. [potion of mutation]
 76129 | Lair:1   | Lost mutation: You expend magic power (3 MP) to strengthen your wands. [potion of mutation]
 76129 | Lair:1   | Gained mutation: Your flesh is heat resistant. (rF+) [potion of mutation]
 76129 | Lair:1   | Gained mutation: You have sharp toenails. [potion of mutation]
 76129 | Lair:1   | Gained mutation: You are surrounded by a mild repulsion field. (EV +2) [potion of mutation]
 76129 | Lair:1   | Gained mutation: Your natural rate of healing is unusually fast. [potion of mutation]
 76851 | Geh:7    | Entered Level 7 of Gehenna
 77800 | Geh:7    | Gained mutation: Scrolls take you a little longer to read. [mutagenic glow]
 77853 | Geh:7    | Gained mutation: You occasionally shout uncontrollably at your foes. [mutagenic glow]
 77880 | Geh:7    | Noticed Asmodeus
 77926 | Geh:7    | Killed Asmodeus
 77983 | Geh:7    | Got an obsidian rune of Zot
 78381 | Lair:1   | Learned a level 8 spell: Necromutation
 78966 | Coc:3    | Noticed a shard shrike
 78970 | Coc:3    | Killed a shard shrike
 79748 | Depths:3 | Voluntarily entered the Abyss.
 79749 | Abyss:1  | Found a corrupted altar of Lugonu.
 79761 | Abyss:1  | Found a corrupted altar of Lugonu.
 80128 | Abyss:1  | Found a blossoming altar of Fedhas.
 80621 | Abyss:3  | Got an abyssal rune of Zot
 80891 | Abyss:3  | Reached skill level 15 in Earth Magic
 80994 | Depths:3 | Escaped the Abyss
 81368 | Slime:1  | Entered Level 1 of the Pits of Slime
 81381 | Slime:1  | Reached skill level 27 in Armour
 81395 | Slime:1  | Gained mutation: You sometimes yell uncontrollably at your foes. [a shining eye]
 81397 | Slime:1  | Gained mutation: Scrolls take you longer to read. [a shining eye]
 81615 | Slime:3  | Gained mutation: You passively map a small area around you. [a shining eye]
 81617 | Slime:3  | Gained mutation: You are frail. (-10% HP) [a shining eye]
 81717 | Slime:5  | Entered Level 5 of the Pits of Slime
 81777 | Slime:5  | Gained mutation: Your spells are easier to cast, but less powerful. [a shining eye]
 81778 | Slime:5  | Gained mutation: Your body sometimes deteriorates upon taking damage. [a shining eye]
 81783 | Slime:5  | Lost mutation: Your natural rate of healing is unusually fast. [a shining eye]
 81796 | Slime:5  | Noticed the Royal Jelly
 81800 | Slime:5  | Gained mutation: You are weak. (Str -2) [a shining eye]
 81823 | Slime:5  | Gained mutation: You expend magic power (3 MP) to strengthen your wands. [a shining eye]
 81840 | Slime:5  | Killed the Royal Jelly
 81979 | Slime:5  | Identified the Catalogue of Ashen Transformation
 81985 | Slime:5  | Got a transparent triple crossbow
 82013 | Slime:5  | Got a slimy rune of Zot
 82030 | Slime:5  | Got a transparent bronze ring
 82046 | Slime:5  | Got a translucent mace
 82049 | Slime:5  | Identified the +1 mace "Udwuclodoq" {holy, rC+ MR+} (You found it on level 5 of the Pits of Slime)
 82052 | Slime:5  | Identified the +7 triple crossbow of Hofiupag {velocity, rElec rF+ rN+} (You found it on level 5 of the Pits of Slime)
 82064 | Slime:5  | Got an ancient hand axe
 82067 | Slime:5  | Identified the +6 hand axe "Amac" {venom, +Inv rC+++ MP+9 Str-4} (You found it on level 5 of the Pits of Slime)
 82106 | Slime:5  | Identified the ring of Qemu {+Fly Str+3 SInv} (You found it on level 5 of the Pits of Slime)
 82777 | Tomb:1   | Entered Level 1 of the Tomb of the Ancients
 82834 | Tomb:1   | Reached skill level 1 in Crossbows
 82924 | Tomb:1   | Reached skill level 15 in Transmutations
 83848 | Zig:1    | Entered Level 1 of a ziggurat
 83849 | Zig:1    | Noticed Uraysh the pandemonium lord
 83863 | Zig:1    | Killed Uraysh the pandemonium lord
 83882 | Zig:2    | Entered Level 2 of a ziggurat
 83898 | Zig:2    | Identified the Almanac of the Dove
 83903 | Zig:3    | Entered Level 3 of a ziggurat
 83906 | Zig:3    | Noticed Nyrchikk the pandemonium lord
 83917 | Zig:3    | Killed Nyrchikk the pandemonium lord
 84008 | Zig:4    | Entered Level 4 of a ziggurat
 84025 | Zig:4    | Identified the Guide on the Mountains and Flight
 84032 | Zig:5    | Entered Level 5 of a ziggurat
 84065 | Zig:5    | Got an ancient brass ring
 84073 | Zig:5    | Lost mutation: You sometimes yell uncontrollably at your foes. [potion of mutation]
 84073 | Zig:5    | Lost mutation: Your body sometimes deteriorates upon taking damage. [potion of mutation]
 84073 | Zig:5    | Gained mutation: You have an increased reservoir of magic. (+10% MP) [potion of mutation]
 84074 | Zig:5    | Lost mutation: You are frail. (-10% HP) [potion of mutation]
 84074 | Zig:5    | Lost mutation: You are weak. (Str -2) [potion of mutation]
 84074 | Zig:5    | Lost mutation: Your spells are easier to cast, but less powerful. [potion of mutation]
 84074 | Zig:5    | Gained mutation: You are resistant to hostile enchantments. (MR+) [potion of mutation]
 84075 | Zig:5    | Lost mutation: You expend magic power (3 MP) to strengthen your wands. [potion of mutation]
 84075 | Zig:5    | Lost mutation: You occasionally shout uncontrollably at your foes. [potion of mutation]
 84075 | Zig:5    | Gained mutation: Your muscles are strong. (Str +2) [potion of mutation]
 84075 | Zig:5    | Gained mutation: You passively map the area around you. [potion of mutation]
 84078 | Zig:5    | Identified the ring of the Leaf {rC+ Stlth+} (You found it on level 5 of a ziggurat)
 84083 | Zig:6    | Entered Level 6 of a ziggurat
 84111 | Zig:6    | Got a steaming iron ring
 84127 | Zig:6    | Identified the cursed ring "Fixuklago" {rElec Str+3 Int-3} (You found it on level 6 of a ziggurat)
 84135 | Zig:7    | Entered Level 7 of a ziggurat
 84232 | Zig:8    | Entered Level 8 of a ziggurat
 84274 | Zig:8    | Identified the Compendium of Transmigration
 84297 | Zig:9    | Entered Level 9 of a ziggurat
 84349 | Zig:9    | Got a crystal hand axe
 84352 | Zig:9    | Identified the +6 hand axe of the Eleven Demons {flame, +Fly Str+4} (You found it on level 9 of a ziggurat)
 84367 | Zig:10   | Entered Level 10 of a ziggurat
 84403 | Zig:10   | Reached skill level 5 in Crossbows
 84462 | Zig:11   | Entered Level 11 of a ziggurat
 84464 | Zig:11   | Noticed ponypharmacist's ghost (legendary GrFi)
 84481 | Zig:11   | Noticed an ancient lich
 84486 | Zig:11   | Killed ponypharmacist's ghost
 84491 | Zig:11   | Killed an ancient lich
 84494 | Zig:11   | Reached skill level 15 in Necromancy
 84496 | Zig:11   | Reached skill level 15 in Spellcasting
 84557 | Zig:11   | Learned a level 4 spell: Petrify
 84567 | Zig:12   | Entered Level 12 of a ziggurat
 84575 | Zig:12   | Noticed a juggernaut
 84575 | Zig:12   | Noticed a juggernaut
 84599 | Zig:12   | Killed a juggernaut
 84606 | Zig:12   | Killed a juggernaut
 84765 | Zig:12   | Learned a level 5 spell: Dispel Undead
 84813 | Zig:12   | Got a shimmering marble ring
 84817 | Zig:12   | Identified the cursed ring of Lihashav {+Blink rC- Str-2 Stlth+} (You found it on level 12 of a ziggurat)
 84828 | Zig:13   | Entered Level 13 of a ziggurat
 84870 | Zig:13   | Found the +3 hat of Pondering {ponderous, MR+ MP+10 Int+5}
 84906 | Zig:13   | Identified Fiusk's Reference Book on Snow and Moulding
 84924 | Zig:13   | Got a pitted hand crossbow
 84927 | Zig:13   | Identified the +9 hand crossbow "Akyb" {freeze, rC+ rN+} (You found it on level 13 of a ziggurat)
 84930 | Zig:14   | Entered Level 14 of a ziggurat
 84987 | Zig:14   | Identified Roxanne's Guide on Clay and Shape Shifting
 85002 | Zig:14   | Learned a level 5 spell: Lee's Rapid Deconstruction
 85004 | Zig:14   | Identified the Handbook of Combat Magic
 85022 | Zig:14   | Got a polished bardiche
 85025 | Zig:14   | Identified the +3 bardiche of Wytaqey {drain, rC++ Dex+3} (You found it on level 14 of a ziggurat)
 85030 | Zig:14   | Got a translucent long sword
 85033 | Zig:14   | Identified the +7 long sword of Blind Justice {freeze, Int+6} (You found it on level 14 of a ziggurat)
 85456 | Coc:1    | Noticed a shard shrike
 85461 | Coc:1    | Killed a shard shrike
 85484 | Coc:1    | Noticed a shard shrike
 85497 | Coc:1    | Killed a shard shrike
 85616 | Depths:5 | Voluntarily entered the Abyss.
 86034 | Abyss:1  | Found a corrupted altar of Lugonu.
 86080 | Depths:5 | Escaped the Abyss
 86082 | Depths:5 | Voluntarily entered the Abyss.
 86701 | Abyss:2  | Found a corrupted altar of Lugonu.
 87066 | Abyss:2  | Found a corrupted altar of Lugonu.
 87687 | Abyss:2  | Reached skill level 10 in Crossbows
 88257 | Abyss:2  | Gained mutation: You are clumsy. (Dex -2) [a cacodemon]
 88572 | Abyss:2  | Got an ichor-stained trident
 88575 | Abyss:2  | Identified the cursed +3 trident of Kucvy {pierce, rN+ MP+9 SInv} (You found it on level 2 of the Abyss)
 88580 | Abyss:2  | Found a corrupted altar of Lugonu.
 88706 | Abyss:2  | Noticed an ancient lich
 88718 | Abyss:2  | Killed an ancient lich
 89461 | Abyss:2  | Lost mutation: You have an increased reservoir of magic. (+10% MP) [a neqoxec]
 92177 | Abyss:2  | Got a warped pewter amulet
 92265 | Abyss:2  | Found an ancient bone altar of Kikubaaqudgha.
 92320 | Abyss:2  | Gained mutation: You expend magic power (3 MP) to strengthen your wands. [a neqoxec]
 92348 | Abyss:2  | Found a corrupted altar of Lugonu.
 93110 | Abyss:2  | Found a blossoming altar of Fedhas.
 93185 | Abyss:2  | Found a blossoming altar of Fedhas.
 93197 | Abyss:2  | Found a blossoming altar of Fedhas.
 93606 | Abyss:2  | Identified the amulet "Olurph" {Reflect rF+ Slay+2 SH+2} (You found it on level 2 of the Abyss)
 94992 | Abyss:2  | Found a deep blue altar of Sif Muna.
 95445 | Abyss:2  | Gained mutation: You do not regenerate when monsters are visible. [a neqoxec]
 95524 | Abyss:2  | Lost mutation: Your muscles are strong. (Str +2) [potion of mutation]
 95524 | Abyss:2  | Lost mutation: You are partially covered in slimy green scales. (AC +2) [potion of mutation]
 95524 | Abyss:2  | Gained mutation: Potions are less effective at restoring your health. [potion of mutation]
 95524 | Abyss:2  | Gained mutation: You are dopey. (Int -2) [potion of mutation]
 95524 | Abyss:2  | Gained mutation: Your system is resistant to poisons. (rPois) [potion of mutation]
 95525 | Abyss:2  | Lost mutation: Your spells are a little easier to cast, but a little less powerful. [potion of mutation]
 95525 | Abyss:2  | Lost mutation: You expend magic power (3 MP) to strengthen your wands. [potion of mutation]
 95525 | Abyss:2  | Lost mutation: Your system is resistant to poisons. (rPois) [potion of mutation]
 95525 | Abyss:2  | Lost mutation: You are clumsy. (Dex -2) [potion of mutation]
 95526 | Abyss:2  | Lost mutation: Scrolls take you longer to read. [potion of mutation]
 95526 | Abyss:2  | Lost mutation: You are dopey. (Int -2) [potion of mutation]
 95526 | Abyss:2  | Lost mutation: Scrolls take you a little longer to read. [potion of mutation]
 95526 | Abyss:2  | Lost mutation: You passively map the area around you. [potion of mutation]
 95526 | Abyss:2  | Gained mutation: You are partially covered in yellow scales. (AC +2) [potion of mutation]
 95526 | Abyss:2  | Gained mutation: Your mind is acute. (Int +2) [potion of mutation]
 96293 | Abyss:2  | Found a hide-covered altar of Uskayaw.
 97174 | Abyss:2  | Got a vibrating graven amulet
 97175 | Abyss:2  | Identified the amulet "Arirei Buecy" {Reflect MR+ SH+6} (You found it on level 2 of the Abyss)
 97301 | Abyss:2  | Found a corrupted altar of Lugonu.
 97313 | Abyss:2  | Found a corrupted altar of Lugonu.
 97996 | Abyss:2  | Found a radiant altar of Vehumet.
 98082 | Abyss:2  | Found a corrupted altar of Lugonu.
 98658 | Abyss:2  | Found an opulent altar of Gozag.
 99380 | Abyss:2  | Gained mutation: Your mind is very acute. (Int +4) [a neqoxec]
 99384 | Abyss:2  | Gained mutation: You are weak. (Str -2) [a neqoxec]
100229 | Abyss:2  | Found a corrupted altar of Lugonu.
100456 | Abyss:2  | Gained mutation: Armour fits poorly on your strangely shaped body. [a neqoxec]
100647 | Abyss:2  | Lost mutation: Your mind is very acute. (Int +4) [potion of mutation]
100647 | Abyss:2  | Lost mutation: Potions are less effective at restoring your health. [potion of mutation]
100647 | Abyss:2  | Lost mutation: You are resistant to hostile enchantments. (MR+) [potion of mutation]
100647 | Abyss:2  | Gained mutation: You evolve. [potion of mutation]
100647 | Abyss:2  | Gained mutation: Your mind is very acute. (Int +4) [potion of mutation]
100648 | Abyss:2  | Lost mutation: You have sharp toenails. [potion of mutation]
100648 | Abyss:2  | Lost mutation: Your flesh is heat resistant. (rF+) [potion of mutation]
100648 | Abyss:2  | Gained mutation: You are resistant to hostile enchantments. (MR+) [potion of mutation]
100648 | Abyss:2  | Lost mutation: Your mind is very acute. (Int +4) [potion of mutation]
100648 | Abyss:2  | Lost mutation: You are weak. (Str -2) [potion of mutation]
100649 | Abyss:2  | Lost mutation: You evolve. [potion of mutation]
100649 | Abyss:2  | Lost mutation: Your mind is acute. (Int +2) [potion of mutation]
100649 | Abyss:2  | Lost mutation: You passively map a small area around you. [potion of mutation]
100649 | Abyss:2  | Lost mutation: Armour fits poorly on your strangely shaped body. [potion of mutation]
100649 | Abyss:2  | Gained mutation: You are clumsy. (Dex -2) [potion of mutation]
100649 | Abyss:2  | Gained mutation: You have large cloven feet. [potion of mutation]
100649 | Abyss:2  | Gained mutation: You are mostly covered in yellow scales. (AC +3) [potion of mutation]
100649 | Abyss:2  | Gained mutation: You are robust. (+10% HP) [potion of mutation]
100662 | Abyss:2  | Got a flickering platinum ring
100934 | Abyss:2  | Gained mutation: You occasionally shout uncontrollably at your foes. [a neqoxec]
101125 | Abyss:2  | Found a roughly hewn altar of Beogh.
101216 | Abyss:2  | Found a corrupted altar of Lugonu.
101636 | Abyss:2  | Found a corrupted altar of Lugonu.
101801 | Abyss:2  | Found a corrupted altar of Lugonu.
102068 | Abyss:2  | Gained mutation: You are dopey. (Int -2) [a neqoxec]
102273 | Abyss:2  | Identified the ring of Happiness {rC- MR+ Str+3 Dex+4 Slay+1} (You found it on level 2 of the Abyss)
102430 | Abyss:2  | Gained mutation: Scrolls take you a little longer to read. [a neqoxec]
102431 | Abyss:2  | Gained mutation: You expend magic power (3 MP) to strengthen your wands. [a neqoxec]
102917 | Abyss:2  | Found a bloodstained altar of Trog.
102935 | Abyss:2  | Found a bloodstained altar of Trog.
102964 | Abyss:2  | Found a hide-covered altar of Uskayaw.
103013 | Abyss:2  | Found a shattered altar of Ashenzari.
103210 | Abyss:2  | Lost mutation: You are resistant to hostile enchantments. (MR+) [potion of mutation]
103210 | Abyss:2  | Lost mutation: You have large cloven feet. [potion of mutation]
103210 | Abyss:2  | Lost mutation: Scrolls take you a little longer to read. [potion of mutation]
103210 | Abyss:2  | Lost mutation: You occasionally shout uncontrollably at your foes. [potion of mutation]
103210 | Abyss:2  | Lost mutation: You are robust. (+10% HP) [potion of mutation]
103210 | Abyss:2  | Gained mutation: You are robust. (+10% HP) [potion of mutation]
103210 | Abyss:2  | Lost mutation: You are clumsy. (Dex -2) [potion of mutation]
104078 | Abyss:2  | Found a corrupted altar of Lugonu.
104293 | Abyss:2  | Found a corrupted altar of Lugonu.
104762 | Abyss:2  | Found a corrupted altar of Lugonu.
104867 | Abyss:2  | Noticed an ancient lich
104872 | Abyss:2  | Killed an ancient lich
105138 | Abyss:2  | Found a shimmering altar of Xom.
105138 | Abyss:2  | Found a shimmering altar of Xom.
105138 | Abyss:2  | Found a shimmering altar of Xom.
105139 | Abyss:2  | Found a shimmering altar of Xom.
105161 | Abyss:2  | Found a corrupted altar of Lugonu.
105161 | Abyss:2  | Found a shimmering altar of Xom.
105162 | Abyss:2  | Found a shimmering altar of Xom.
105162 | Abyss:2  | Found a shimmering altar of Xom.
105163 | Abyss:2  | Found a shimmering altar of Xom.
105163 | Abyss:2  | Found a shimmering altar of Xom.
105163 | Abyss:2  | Found a shimmering altar of Xom.
105163 | Abyss:2  | Found a shimmering altar of Xom.
105163 | Abyss:2  | Found a shimmering altar of Xom.
105164 | Abyss:2  | Found a shimmering altar of Xom.
105203 | Abyss:2  | Found a shimmering altar of Xom.
106527 | Abyss:4  | Reached skill level 1 in Hexes
106550 | Abyss:4  | Reached skill level 1 in Translocations
107121 | Abyss:4  | Noticed an ancient lich
107140 | Abyss:4  | Killed an ancient lich
107150 | Abyss:4  | Reached skill level 5 in Hexes
107162 | Abyss:5  | Entered Level 5 of the Abyss
107589 | Abyss:5  | Gained mutation: You are weak. (Str -2) [a neqoxec]
107627 | Abyss:5  | Gained mutation: Your magical capacity is low. (-10% MP) [a neqoxec]
107709 | Depths:5 | Escaped the Abyss
108217 | Lair:1   | Learned a level 8 spell: Discord
108223 | Lair:1   | Learned a level 5 spell: Silence
108233 | Lair:1   | Learned a level 9 spell: Shatter
108240 | Lair:1   | Learned a level 6 spell: Freezing Cloud
108876 | Elf:3    | Learned a level 5 spell: Aura of Abjuration
109170 | Hell     | Learned a level 8 spell: Ignition
109269 | Depths:5 | Voluntarily entered the Abyss.
109416 | Abyss:1  | Reached skill level 1 in Conjurations
109416 | Abyss:1  | Reached skill level 1 in Summonings
109421 | Abyss:1  | Lost mutation: You are robust. (+10% HP) [a neqoxec]
109422 | Abyss:1  | Reached skill level 1 in Air Magic
109467 | Abyss:2  | Found a corrupted altar of Lugonu.
109591 | Abyss:4  | Found a corrupted altar of Lugonu.
109622 | Abyss:5  | Entered Level 5 of the Abyss
109846 | Abyss:5  | Gained mutation: You are very dopey. (Int -4) [a neqoxec]
110037 | Abyss:5  | Gained mutation: Scrolls take you a little longer to read. [a neqoxec]
110275 | Depths:5 | Escaped the Abyss
110279 | Depths:5 | HP: 11/225 [cyan very ugly thing (7)]
110517 | Depths:5 | Voluntarily entered the Abyss.
110856 | Abyss:1  | Reached skill level 5 in Translocations
110927 | Abyss:2  | Found a bloodstained altar of Trog.
111217 | Abyss:2  | Found a corrupted altar of Lugonu.
111360 | Abyss:2  | Reached skill level 5 in Summonings
111804 | Abyss:2  | Found a corrupted altar of Lugonu.
112131 | Abyss:2  | Reached skill level 10 in Hexes
112648 | Abyss:2  | Gained mutation: Your magical capacity is very low. (-20% MP) [a neqoxec]
113409 | Abyss:2  | Found a hide-covered altar of Uskayaw.
113434 | Abyss:2  | Found a hazy altar of Hepliaklqana.
113436 | Abyss:2  | Found a burning altar of Makhleb.
113436 | Abyss:2  | Found a shadowy altar of Dithmenos.
113438 | Abyss:2  | Found an ornate altar of the Wu Jian Council.
113438 | Abyss:2  | Found a shimmering altar of Xom.
113438 | Abyss:2  | Found a bloodstained altar of Trog.
113438 | Abyss:2  | Found a stormy altar of Qazlal.
113438 | Abyss:2  | Found a deep blue altar of Sif Muna.
113438 | Abyss:2  | Found a blossoming altar of Fedhas.
113440 | Abyss:2  | Found a snail-covered altar of Cheibriados.
113442 | Abyss:2  | Found an opulent altar of Gozag.
113442 | Abyss:2  | Found a glowing silver altar of Zin.
113442 | Abyss:2  | Found a glowing golden altar of the Shining One.
113444 | Abyss:2  | Found a sparkling altar of Nemelex Xobeh.
113444 | Abyss:2  | Found a shattered altar of Ashenzari.
113444 | Abyss:2  | Found an ancient bone altar of Kikubaaqudgha.
113444 | Abyss:2  | Found a basalt altar of Yredelemnul.
113446 | Abyss:2  | Found an iron altar of Okawaru.
113446 | Abyss:2  | Found a white marble altar of Elyvilon.
113446 | Abyss:2  | Found an ancient bone altar of Kikubaaqudgha.
113515 | Abyss:2  | Found a hide-covered altar of Uskayaw.
114034 | Abyss:2  | Gained mutation: You are frail. (-10% HP) [a neqoxec]
114339 | Abyss:2  | Found a corrupted altar of Lugonu.
114558 | Abyss:2  | Found a corrupted altar of Lugonu.
114621 | Abyss:2  | Found a corrupted altar of Lugonu.
114777 | Abyss:2  | Found a corrupted altar of Lugonu.
115067 | Abyss:2  | Got a pair of crude gloves
115078 | Abyss:2  | Identified the +2 pair of gloves of Egyskauj {rElec rF+ rN+ Dex+4} (You acquired it on level 2 of the Abyss)
115441 | Depths:5 | Escaped the Abyss
115568 | Hell     | Lost mutation: You are very dopey. (Int -4) [potion of mutation]
115568 | Hell     | Lost mutation: Your magical capacity is very low. (-20% MP) [potion of mutation]
115568 | Hell     | Lost mutation: You are weak. (Str -2) [potion of mutation]
115569 | Hell     | Lost mutation: You are frail. (-10% HP) [potion of mutation]
115569 | Hell     | Lost mutation: Scrolls take you a little longer to read. [potion of mutation]
115569 | Hell     | Gained mutation: You passively map a small area around you. [potion of mutation]
115569 | Hell     | Gained mutation: You passively map the area around you. [potion of mutation]
115634 | Depths:5 | Voluntarily entered the Abyss.
115764 | Abyss:1  | Reached skill level 15 in Crossbows
116195 | Abyss:1  | Gained mutation: You are clumsy. (Dex -2) [a neqoxec]
116271 | Abyss:1  | Got a jewelled plate armour
116272 | Abyss:1  | Identified the +1 plate armour of the Bard {rF+++ Str+6 Dex-5} (You found it on level 1 of the Abyss)
116656 | Abyss:1  | Found a corrupted altar of Lugonu.
117939 | Depths:5 | Escaped the Abyss
118296 | Depths:5 | Voluntarily entered the Abyss.
118696 | Abyss:1  | Found a corrupted altar of Lugonu.
118780 | Abyss:1  | Found a corrupted altar of Lugonu.
118814 | Abyss:1  | Found a corrupted altar of Lugonu.
119813 | Abyss:1  | Gained mutation: You are frail. (-10% HP) [a neqoxec]
119966 | Abyss:1  | Reached skill level 10 in Summonings
120578 | Abyss:2  | Gained mutation: Your magical capacity is very low. (-20% MP) [a shining eye]
120584 | Abyss:2  | Gained mutation: You are very clumsy. (Dex -4) [a shining eye]
120958 | Abyss:2  | Found a shadowy altar of Dithmenos.
121091 | Abyss:2  | Found a hide-covered altar of Uskayaw.
121139 | Abyss:2  | Gained mutation: Scrolls take you a little longer to read. [a neqoxec]
121617 | Abyss:5  | Entered Level 5 of the Abyss
121617 | Abyss:5  | Found a corrupted altar of Lugonu.
121618 | Abyss:5  | Found a shimmering altar of Xom.
121818 | Abyss:5  | Gained mutation: You are very dopey. (Int -4) [a neqoxec]
121895 | Depths:5 | Escaped the Abyss
121962 | Hell     | Lost mutation: You are frail. (-10% HP) [potion of mutation]
121962 | Hell     | Lost mutation: Scrolls take you longer to read. [potion of mutation]
121962 | Hell     | Lost mutation: You do not regenerate when monsters are visible. [potion of mutation]
121963 | Hell     | Lost mutation: You are very dopey. (Int -4) [potion of mutation]
121963 | Hell     | Lost mutation: You are dopey. (Int -2) [potion of mutation]
121963 | Hell     | Lost mutation: You are very clumsy. (Dex -4) [potion of mutation]
121963 | Hell     | Lost mutation: You are clumsy. (Dex -2) [potion of mutation]
121963 | Hell     | Gained mutation: You are frail. (-10% HP) [potion of mutation]
121963 | Hell     | Gained mutation: You are very frail. (-20% HP) [potion of mutation]
121963 | Hell     | Lost mutation: You are very frail. (-20% HP) [potion of mutation]
121963 | Hell     | Lost mutation: You are frail. (-10% HP) [potion of mutation]
121964 | Hell     | Lost mutation: You are mostly covered in yellow scales. (AC +3) [potion of mutation]
121964 | Hell     | Lost mutation: You are surrounded by a mild repulsion field. (EV +2) [potion of mutation]
121964 | Hell     | Lost mutation: You expend magic power (3 MP) to strengthen your wands. [potion of mutation]
121964 | Hell     | Gained mutation: Your spells are a little harder to cast, but a little more powerful. [potion of mutation]
121964 | Hell     | Gained mutation: You are partially covered in rugged brown scales. (AC +1, +3% HP) [potion of mutation]
121965 | Hell     | Lost mutation: You passively map the area around you. [potion of mutation]
121965 | Hell     | Lost mutation: Your magical capacity is very low. (-20% MP) [potion of mutation]
121965 | Hell     | Lost mutation: Your magical capacity is low. (-10% MP) [potion of mutation]
121965 | Hell     | Lost mutation: Your spells are a little harder to cast, but a little more powerful. [potion of mutation]
121965 | Hell     | Gained mutation: Your flesh is heat resistant. (rF+) [potion of mutation]
121965 | Hell     | Gained mutation: Your body sometimes deteriorates upon taking damage. [potion of mutation]
121965 | Hell     | Gained mutation: You are somewhat resistant to further mutation. [potion of mutation]
121966 | Hell     | Lost mutation: You passively map a small area around you. [potion of mutation]
121966 | Hell     | Lost mutation: Your flesh is heat resistant. (rF+) [potion of mutation]
121967 | Hell     | Lost mutation: Your body sometimes deteriorates upon taking damage. [potion of mutation]
121967 | Hell     | Lost mutation: You are somewhat resistant to further mutation. [potion of mutation]
121967 | Hell     | Gained mutation: Your mind is acute. (Int +2) [potion of mutation]
121967 | Hell     | Gained mutation: You are mostly covered in yellow scales. (AC +3) [potion of mutation]
122279 | Temple   | Fell from the grace of the Shining One
122279 | Temple   | Became a worshipper of Cheibriados the Contemplative
122583 | Hell     | Learned a level 6 spell: Death Channel
122593 | Hell     | Learned a level 8 spell: Infestation
122712 | Depths:5 | Voluntarily entered the Abyss.
122760 | Abyss:1  | Reached skill level 10 in Translocations
122815 | Abyss:1  | Reached * piety under Cheibriados
122870 | Abyss:1  | Reached skill level 15 in Hexes
123011 | Depths:5 | Escaped the Abyss
123134 | Depths:5 | Voluntarily entered the Abyss.
123144 | Abyss:1  | Reached ** piety under Cheibriados
123587 | Abyss:1  | Reached *** piety under Cheibriados
123685 | Abyss:2  | Found a corrupted altar of Lugonu.
123708 | Abyss:2  | Gained mutation: You are frail. (-10% HP) [a neqoxec]
123868 | Abyss:2  | Reached **** piety under Cheibriados
124097 | Abyss:2  | Reached ***** piety under Cheibriados
124320 | Abyss:3  | Identified the Guide on Stones
124384 | Abyss:5  | Entered Level 5 of the Abyss
124594 | Abyss:5  | Found a sacrificial altar of Ru.
124694 | Abyss:5  | Reached ****** piety under Cheibriados
124932 | Abyss:5  | Reached skill level 27 in Transmutations
125460 | Abyss:5  | Got a bone hunting sling
126216 | Depths:5 | Escaped the Abyss
126317 | Tar:1    | Entered Level 1 of Tartarus
128907 | Tar:7    | Entered Level 7 of Tartarus
129927 | Hell     | Identified the +3 hunting sling "Jaips" {speed, Dex+4} (You found it on level 5 of the Abyss)
129947 | Hell     | Learned a level 3 spell: Regeneration
130029 | Pan      | Entered Pandemonium
130057 | Pan      | Noticed Surph the pandemonium lord
130062 | Pan      | Killed Surph the pandemonium lord
130329 | Pan      | Found an exit through the horrors of the Abyss.
131374 | Pan      | Noticed Leriwneg the pandemonium lord
131384 | Pan      | Killed Leriwneg the pandemonium lord
131798 | Pan      | Noticed Poumobecw the pandemonium lord
131808 | Pan      | Killed Poumobecw the pandemonium lord
131931 | Pan      | Identified Vefown's Compendium of Beguiling and Displacement
132044 | Pan      | Found an exit through the horrors of the Abyss.
132238 | Pan      | Noticed Ysmagg the pandemonium lord
132242 | Pan      | Killed Ysmagg the pandemonium lord
132902 | Pan      | Got a shimmering large shield
132913 | Pan      | Identified the +2 large shield of Distant Worlds {*Corrode MR+ Str+7 Stlth+} (You took it off a daeva in Pandemonium)
132965 | Pan      | Got a distressingly furry large shield
132976 | Pan      | Identified the +3 large shield of the Eagle {-Cast +Fly Str+7} (You took it off a daeva in Pandemonium)
133584 | Pan      | Found a white marble altar of Elyvilon.
133912 | Pan      | Reached skill level 15 in Maces & Flails
134216 | Pan      | Found a glowing silver altar of Zin.
135344 | Pan      | Noticed a seraph
135364 | Pan      | Killed a seraph
135593 | Pan      | Got a smoking hunting sling
135604 | Pan      | Got a sapphire-encrusted plate armour
135608 | Pan      | Got a twisted lajatang {slice}
135630 | Pan      | Found a glowing golden altar of the Shining One.
135673 | Pan      | Got a demonic rune of Zot
135856 | Pan      | Reached skill level 27 in Shields
136003 | Pan      | Identified the +11 lajatang "Vireufum" {slice, *Noise rPois Str+3 Dex+3} (You took it off a seraph in Pandemonium)
136017 | Pan      | Identified the +1 plate armour of Zin's Hope {rF+ rC+ Int+2} (You took it off a cherub in Pandemonium)
136074 | Pan      | Reached skill level 1 in Charms
137285 | Pan      | Reached skill level 5 in Air Magic
140747 | Pan      | Got a polished large shield
140758 | Pan      | Identified the cursed +0 large shield "Kues" {Dex+3} (You took it off a daeva in Pandemonium)
141447 | Pan      | Got a steaming large shield
141501 | Pan      | Identified the +8 large shield of Honour {*Contam +Inv rElec} (You took it off a daeva in Pandemonium)
143118 | Pan      | Gained mutation: Your magical capacity is low. (-10% MP) [mutagenic glow]
143620 | Pan      | Reached skill level 27 in Spellcasting
143727 | Depths:3 | Escaped Pandemonium
143812 | Hell     | Learned a level 4 spell: Passage of Golubria
143820 | Hell     | Learned a level 3 spell: Lesser Beckoning
143826 | Hell     | Learned a level 5 spell: Yara's Violent Unravelling
143841 | Hell     | Learned a level 6 spell: Shadow Creatures
143923 | Pan      | Entered Pandemonium
143928 | Pan      | Found an exit through the horrors of the Abyss.
144247 | Pan      | Noticed Xygoesunn the pandemonium lord
144258 | Pan      | Killed Xygoesunn the pandemonium lord
144297 | Pan      | Entered the realm of Cerebov.
144794 | Pan      | Found an exit through the horrors of the Abyss.
144940 | Pan      | Noticed Cerebov
144966 | Pan      | Killed Cerebov
145202 | Pan      | Got a brightly glowing marble ring
145293 | Pan      | Got an ebony long sword
145295 | Pan      | Identified the cursed +1 long sword of Volour {antimagic, *Drain MR+ Str+4} (You found it in Pandemonium)
145296 | Pan      | Identified the ring of Foobroar {rPois Int+2} (You took it off a balrug in Pandemonium)
145297 | Pan      | Identified the +5 hunting sling of Compassion {venom, rElec rF+ rN+} (You took it off an angel in Pandemonium)
145350 | Pan      | Identified the Reference Book on Flight and Shape Shifting
145352 | Pan      | Identified the Handbook of Flamy Displacement
145419 | Pan      | Got a pitted plate armour
145420 | Pan      | Identified the +1 plate armour of Zoxka {rPois MR- rCorr Int+4} (You found it in Pandemonium)
145690 | Pan      | Got a fiery rune of Zot
146329 | Pan      | Noticed Atup the pandemonium lord
146341 | Pan      | Killed Atup the pandemonium lord
146353 | Depths:3 | Escaped Pandemonium
146453 | Pan      | Entered Pandemonium
146724 | Pan      | Noticed Azevol the pandemonium lord
146735 | Pan      | Killed Azevol the pandemonium lord
146827 | Pan      | Got a twitching lapis lazuli ring
146828 | Pan      | Identified the ring "Poiqied" {MP+9 Str+4 Dex+4} (You found it in Pandemonium)
146993 | Pan      | Entered the realm of Mnoleg.
147176 | Pan      | Noticed Mnoleg
147193 | Pan      | Killed Mnoleg
147223 | Pan      | Got a glowing rune of Zot
147442 | Pan      | Reached skill level 27 in Crossbows
147535 | Depths:3 | Escaped Pandemonium
147860 | Shoals:1 | Bought a scroll of enchant weapon for 105 gold pieces
147860 | Shoals:1 | Bought a scroll of magic mapping for 49 gold pieces
148233 | Pan      | Entered Pandemonium
148375 | Pan      | Noticed Xenlerch the pandemonium lord
148383 | Pan      | Killed Xenlerch the pandemonium lord
148419 | Pan      | Got an ichor-stained falchion
148420 | Pan      | Identified the +3 falchion "Hydrabane" {venom, rElec} (You found it in Pandemonium)
148534 | Pan      | Found an exit through the horrors of the Abyss.
149017 | Pan      | Entered the realm of Gloorx Vloq.
149234 | Pan      | Found an exit through the horrors of the Abyss.
149364 | Pan      | Noticed Gloorx Vloq
149373 | Pan      | Killed Gloorx Vloq
149398 | Pan      | Got a dark rune of Zot
149526 | Pan      | Entered the realm of Lom Lobon.
149526 | Pan      | Noticed Lom Lobon
149563 | Pan      | Killed Lom Lobon
149579 | Pan      | Got a magical rune of Zot
149667 | Pan      | Reached skill level 1 in Ice Magic
150263 | Depths:3 | Escaped Pandemonium
150350 | Pan      | Entered Pandemonium
150371 | Pan      | Found an exit through the horrors of the Abyss.
150508 | Pan      | Noticed Usoujoje the pandemonium lord
150517 | Pan      | Killed Usoujoje the pandemonium lord
150750 | Pan      | Noticed Qaylarch the pandemonium lord
150758 | Pan      | Reached skill level 15 in Translocations
150762 | Pan      | Killed Qaylarch the pandemonium lord
150809 | Pan      | Found an exit through the horrors of the Abyss.
150952 | Pan      | Found an exit through the horrors of the Abyss.
151302 | Pan      | Found a huge runed gate.
151337 | Pan      | Noticed Piczu Ypho the pandemonium lord
151355 | Pan      | Killed Piczu Ypho the pandemonium lord
151899 | Pan      | Reached skill level 5 in Ice Magic
151942 | Pan      | Noticed Zikifecs the pandemonium lord
151954 | Pan      | Killed Zikifecs the pandemonium lord
152241 | Pan      | Noticed Zoafog Qixt the pandemonium lord
152248 | Pan      | Killed Zoafog Qixt the pandemonium lord
152467 | Pan      | Found a transporter.
152640 | Pan      | Found an exit through the horrors of the Abyss.
152991 | Pan      | Found a transporter.
153638 | Pan      | Reached skill level 15 in Invocations
154175 | Pan      | Got a bound steel ring
154182 | Pan      | Identified the ring "Zauroe" {Wiz +Inv MR+ Int+4 Stlth-} (You found it in Pandemonium)
154364 | Pan      | Got a sparkling lapis lazuli ring
154365 | Pan      | Identified the ring "Xanutuva" {rCorr Str+4 Dex+4} (You found it in Pandemonium)
154980 | Pan      | Noticed Zath the pandemonium lord
154986 | Pan      | Killed Zath the pandemonium lord
155310 | Pan      | Gained mutation: You are weak. (Str -2) [a neqoxec]
155423 | Pan      | Noticed Xemasi Qua the pandemonium lord
155448 | Pan      | Killed Xemasi Qua the pandemonium lord
156048 | Pan      | Noticed Fusogi Xenk the pandemonium lord
156051 | Pan      | Killed Fusogi Xenk the pandemonium lord
156418 | Pan      | Found an exit through the horrors of the Abyss.
156499 | Pan      | Noticed Cegg the pandemonium lord
156516 | Pan      | Killed Cegg the pandemonium lord
156951 | Pan      | Reached skill level 5 in Conjurations
156982 | Pan      | Found an exit through the horrors of the Abyss.
157181 | Pan      | Gained mutation: Potions are less effective at restoring your health. [a neqoxec]
157314 | Pan      | Noticed Zoes the pandemonium lord
157322 | Pan      | Killed Zoes the pandemonium lord
157322 | Pan      | Reached skill level 10 in Air Magic
157487 | Pan      | Noticed Qoehoczi the pandemonium lord
157499 | Pan      | Killed Qoehoczi the pandemonium lord
157690 | Pan      | Noticed Rolameu the pandemonium lord
157698 | Pan      | Killed Rolameu the pandemonium lord
158390 | Pan      | Noticed Quimyin the pandemonium lord
158400 | Pan      | Killed Quimyin the pandemonium lord
158400 | Pan      | Reached skill level 10 in Ice Magic
158463 | Pan      | Found an exit through the horrors of the Abyss.
158537 | Pan      | Noticed Mymparosi the pandemonium lord
158545 | Pan      | Killed Mymparosi the pandemonium lord
159013 | Pan      | Noticed Nyinufiu the pandemonium lord
159020 | Pan      | Killed Nyinufiu the pandemonium lord
159111 | Pan      | Found an exit through the horrors of the Abyss.
159257 | Pan      | Noticed Gowkumez the pandemonium lord
159261 | Pan      | Killed Gowkumez the pandemonium lord
160026 | Pan      | Noticed Luoxux the pandemonium lord
160051 | Pan      | Killed Luoxux the pandemonium lord
160326 | Pan      | Noticed Vukuoh the pandemonium lord
160341 | Pan      | Killed Vukuoh the pandemonium lord
161143 | Pan      | Noticed Ocush the pandemonium lord
161157 | Pan      | Killed Ocush the pandemonium lord
162266 | Pan      | Found an exit through the horrors of the Abyss.
162439 | Pan      | Noticed Kacveuz the pandemonium lord
162447 | Pan      | Killed Kacveuz the pandemonium lord
162620 | Pan      | Found an exit through the horrors of the Abyss.
162667 | Pan      | Noticed Aharupog the pandemonium lord
162675 | Pan      | Killed Aharupog the pandemonium lord
163197 | Depths:3 | Escaped Pandemonium
163597 | Vaults:5 | Entered Level 5 of the Vaults
163620 | Vaults:5 | Reached skill level 10 in Conjurations
164142 | Vaults:5 | Noticed Jory
164145 | Vaults:5 | Killed Jory
164182 | Vaults:5 | Got a dazzling halberd
164183 | Vaults:5 | Identified the +5 halberd of Forgiveness {vamp, rPois rF- Dex+5 Stlth+} (You found it on level 5 of the Vaults)
164210 | Vaults:5 | Got a silver rune of Zot
164770 | Vaults:5 | Got an iridescent demon whip
164771 | Vaults:5 | Identified the +8 demon whip of the Philosopher {slash, +Rage +Inv rPois MP+9} (You found it on level 5 of the Vaults)
164801 | Vaults:5 | Got a polished broad axe
164802 | Vaults:5 | Identified the +7 broad axe of Extermination {speed, +Inv Str+2} (You found it on level 5 of the Vaults)
165952 | Tar:7    | Reached skill level 15 in Summonings
166857 | Tar:7    | Got a fine eveningstar
166900 | Tar:7    | Got a crystal dire flail
166908 | Tar:7    | Identified Ageizaon's Papyrus of Lucky Creation
166952 | Tar:7    | Got a smoking iron ring
166963 | Tar:7    | Got a brightly glowing battleaxe
166988 | Tar:7    | Identified the cursed +1 battleaxe "Zydohiox" {drain, Str+4} (You found it on level 7 of Tartarus)
166989 | Tar:7    | Identified the ring "Robbyoblo" {+Fly rPois rF+ Dex+2} (You found it on level 7 of Tartarus)
167135 | Tar:7    | Got a warped plate armour
167145 | Tar:7    | Identified the +1 plate armour of Trial and Error {Int+5 Dex+2} (You found it on level 7 of Tartarus)
167150 | Tar:7    | Identified the +7 dire flail "Foka Hie" {venom, rC++} (You found it on level 7 of Tartarus)
167151 | Tar:7    | Identified the +9 eveningstar "Cihurgh" {holy, Str+4} (You found it on level 7 of Tartarus)
167160 | Tar:7    | Found the ring of Phasing {EV+8}
167164 | Tar:7    | Identified the Guide on Feathery Enhancements
167644 | Tar:7    | Noticed Ereshkigal
167683 | Tar:7    | Killed Ereshkigal
167683 | Tar:7    | Reached skill level 5 in Charms
167782 | Tar:7    | Got a bone rune of Zot
168036 | Dis:1    | Entered Level 1 of the Iron City of Dis
168817 | Dis:7    | Entered Level 7 of the Iron City of Dis
169134 | Dis:7    | Got a crude brass ring
169135 | Dis:7    | Identified the ring "Idaduu" {Slay+3 Stlth+} (You found it on level 7 of the Iron City of Dis)
169876 | Dis:7    | Noticed the Serpent of Hell
169888 | Dis:7    | Killed the Serpent of Hell
170076 | Dis:7    | Noticed Dispater
170088 | Dis:7    | Killed Dispater
170144 | Dis:7    | Got an iron rune of Zot
170605 | Tomb:1   | Noticed a greater mummy
170613 | Tomb:1   | Killed a greater mummy
170717 | Tomb:1   | Noticed an ancient lich
170719 | Tomb:1   | Killed an ancient lich
170719 | Tomb:1   | Reached skill level 10 in Charms
170881 | Tomb:1   | Noticed Sojobo
170901 | Tomb:1   | Killed Sojobo
171278 | Tomb:2   | Noticed a greater mummy
171278 | Tomb:2   | Noticed a greater mummy
171278 | Tomb:2   | Noticed an ancient lich
171278 | Tomb:2   | Noticed a greater mummy
171288 | Tomb:2   | Killed a greater mummy
171288 | Tomb:2   | Killed an ancient lich
171292 | Tomb:2   | Killed a greater mummy
171295 | Tomb:2   | Killed a greater mummy
171577 | Tomb:1   | Noticed a greater mummy
171578 | Tomb:1   | Noticed a greater mummy
171583 | Tomb:1   | Noticed a greater mummy
171583 | Tomb:1   | Noticed Mara
171586 | Tomb:1   | Killed a greater mummy
171592 | Tomb:1   | Killed a greater mummy
171597 | Tomb:1   | Killed a greater mummy
171601 | Tomb:1   | Killed Mara
171665 | Tomb:1   | Noticed a greater mummy
171677 | Tomb:1   | Killed a greater mummy
171690 | Tomb:1   | Noticed a greater mummy
171696 | Tomb:1   | Killed a greater mummy
171713 | Tomb:1   | Noticed a greater mummy
171720 | Tomb:1   | Killed a greater mummy
171727 | Tomb:1   | Noticed a greater mummy
171734 | Tomb:1   | Killed a greater mummy
171737 | Tomb:1   | Noticed a greater mummy
171742 | Tomb:1   | Killed a greater mummy
171747 | Tomb:1   | Noticed a greater mummy
171751 | Tomb:1   | Noticed a greater mummy
171757 | Tomb:1   | Killed a greater mummy
171762 | Tomb:1   | Killed a greater mummy
172016 | Tomb:3   | Entered Level 3 of the Tomb of the Ancients
172033 | Tomb:3   | Noticed a greater mummy
172039 | Tomb:3   | Noticed a greater mummy
172039 | Tomb:3   | Killed a greater mummy
172040 | Tomb:3   | Noticed a greater mummy
172042 | Tomb:3   | Killed a greater mummy
172044 | Tomb:3   | Killed a greater mummy
172061 | Tomb:3   | Noticed a greater mummy
172065 | Tomb:3   | Killed a greater mummy
172071 | Tomb:3   | Noticed a greater mummy
172084 | Tomb:3   | Killed a greater mummy
172154 | Tomb:3   | Noticed a greater mummy
172161 | Tomb:3   | Killed a greater mummy
172251 | Tomb:3   | Got a bloodstained morningstar
172256 | Tomb:3   | Identified the +3 morningstar of Cuzy {flame, rC+ Str+8 Dex-4} (You found it on level 3 of the Tomb of the Ancients)
172395 | Tomb:3   | Noticed a greater mummy
172412 | Tomb:3   | Killed a greater mummy
172499 | Tomb:3   | Noticed an ancient lich
172510 | Tomb:3   | Killed an ancient lich
172554 | Tomb:3   | Noticed a greater mummy
172564 | Tomb:3   | Killed a greater mummy
172571 | Tomb:3   | Found the +7 great mace "Firestarter" {inner flame, rF++}
172574 | Tomb:3   | Got a faintly glowing halberd {chop}
172575 | Tomb:3   | Identified the +1 halberd of Iconoclasm {chop, MP-9 Dex+4} (You took it off a mummy priest on level 3 of the Tomb of the Ancients)
172597 | Tomb:3   | Got a pair of dazzling boots
172622 | Tomb:3   | Got a crude graven amulet
172645 | Tomb:3   | Identified the Compendium of the Virous Arsonist
172664 | Tomb:3   | Identified the Handbook of Creative Shape Shifting
172748 | Tomb:3   | Got a golden rune of Zot
172749 | Tomb:3   | Identified the amulet of Wiasah {MR+ Regen+ MP+9 Str-5 Dex+8} (You found it on level 3 of the Tomb of the Ancients)
172750 | Tomb:3   | Identified the cursed +0 pair of boots of Kusus {Int+5} (You found it on level 3 of the Tomb of the Ancients)
174033 | Vaults:3 | Bought a scroll of enchant armour for 127 gold pieces
174033 | Vaults:3 | Bought a potion of mutation for 136 gold pieces
174100 | Vaults:2 | Bought a potion of curing for 111 gold pieces
174100 | Vaults:2 | Bought a potion of magic for 296 gold pieces
174382 | Snake:3  | Bought a potion of mutation for 120 gold pieces
174382 | Snake:3  | Bought a potion of curing for 45 gold pieces
174382 | Snake:3  | Bought a potion of agility for 60 gold pieces
174382 | Snake:3  | Bought a potion of curing for 45 gold pieces
174382 | Snake:3  | Bought a potion of curing for 45 gold pieces
174382 | Snake:3  | Bought a potion of curing for 45 gold pieces
174676 | Hell     | Lost mutation: You are weak. (Str -2) [potion of mutation]
174676 | Hell     | Lost mutation: Potions are less effective at restoring your health. [potion of mutation]
174676 | Hell     | Gained mutation: You are covered in fur. (AC +1) [potion of mutation]
174677 | Hell     | Lost mutation: Your mind is acute. (Int +2) [potion of mutation]
174677 | Hell     | Lost mutation: Your magical capacity is low. (-10% MP) [potion of mutation]
174677 | Hell     | Lost mutation: You are frail. (-10% HP) [potion of mutation]
174677 | Hell     | Gained mutation: Your mind is acute. (Int +2) [potion of mutation]
174677 | Hell     | Gained mutation: Your system is resistant to poisons. (rPois) [potion of mutation]
174767 | Depths:5 | Voluntarily entered the Abyss.
175343 | Abyss:1  | Noticed an ancient lich
175352 | Abyss:1  | Killed an ancient lich
176403 | Abyss:1  | Found a corrupted altar of Lugonu.
177063 | Depths:5 | Escaped the Abyss
177142 | Hell     | Learned a level 8 spell: Death's Door
177155 | Zig:1    | Entered Level 1 of a ziggurat
177197 | Zig:2    | Entered Level 2 of a ziggurat
177282 | Zig:3    | Entered Level 3 of a ziggurat
177360 | Zig:4    | Entered Level 4 of a ziggurat
177438 | Zig:5    | Entered Level 5 of a ziggurat
177527 | Zig:6    | Entered Level 6 of a ziggurat
177634 | Zig:7    | Entered Level 7 of a ziggurat
177713 | Zig:7    | Learned a level 2 spell: Song of Slaying
177746 | Zig:8    | Entered Level 8 of a ziggurat
177785 | Zig:8    | Identified a +0 pair of boots of running (You found it on level 8 of a ziggurat)
177935 | Zig:9    | Entered Level 9 of a ziggurat
177984 | Zig:9    | Got a heavily runed plate armour
178057 | Zig:10   | Entered Level 10 of a ziggurat
178094 | Zig:10   | Found the amulet of the Four Winds {rN+ MR+++ Clar}
178105 | Zig:10   | Identified the Handbook of the Dusty Traveller
178107 | Zig:10   | Identified the Guide on Displaced Arcane Weapons
178118 | Zig:10   | Identified the +7 plate armour of Darkness {rC+ rN+ Dex+3} (You found it on level 9 of a ziggurat)
178142 | Zig:10   | Got a pair of dazzling gloves
178153 | Zig:10   | Identified the +0 pair of gloves of Youthful Indiscretion {*Corrode Slay+4} (You found it on level 10 of a ziggurat)
178214 | Zig:11   | Entered Level 11 of a ziggurat
178262 | Zig:11   | Got a fine morningstar
178274 | Zig:11   | Got a blackened quarterstaff
178280 | Zig:11   | Identified the +8 morningstar "Conservator" {crush, +Rage Int+2 Dex+3} (You found it on level 11 of a ziggurat)
178284 | Zig:11   | Identified the +10 quarterstaff "Ziosaem" {crush, MP+9} (You found it on level 11 of a ziggurat)
178310 | Zig:12   | Entered Level 12 of a ziggurat
178399 | Zig:12   | Got a warped wooden ring
178416 | Zig:12   | Got a distressingly furry plate armour
178432 | Zig:13   | Entered Level 13 of a ziggurat
178482 | Zig:13   | Noticed Havugu the pandemonium lord
178504 | Zig:13   | Killed Havugu the pandemonium lord
178550 | Zig:13   | Identified the cursed +1 plate armour of Heiqim {Regen+} (You found it on level 12 of a ziggurat)
178557 | Zig:13   | Identified the ring of Sunlight {Dex+2 Stlth+} (You found it on level 12 of a ziggurat)
178595 | Zig:14   | Entered Level 14 of a ziggurat
178700 | Zig:14   | Identified the Volume of Earthen Creation
178723 | Zig:14   | Got a pitted battleaxe
178767 | Zig:15   | Entered Level 15 of a ziggurat
178867 | Zig:15   | Identified the +9 battleaxe of Tomorrow {chop, Stlth+} (You found it on level 14 of a ziggurat)
178869 | Zig:15   | Got a warped glass ring
178870 | Zig:15   | Identified the ring of Dim Light {+Inv rF+ MR+ Int+4 Stlth+} (You found it on level 15 of a ziggurat)
178873 | Zig:16   | Entered Level 16 of a ziggurat
178987 | Zig:16   | Got a vibrating bronze ring
179043 | Zig:17   | Entered Level 17 of a ziggurat
179098 | Zig:17   | Got a faintly glowing great mace
179173 | Zig:18   | Entered Level 18 of a ziggurat
179183 | Zig:18   | Noticed a juggernaut
179184 | Zig:18   | Noticed a juggernaut
179186 | Zig:18   | Noticed a juggernaut
179188 | Zig:18   | Reached skill level 27 in Fighting
179189 | Zig:18   | Noticed a juggernaut
179196 | Zig:18   | Killed a juggernaut
179196 | Zig:18   | Killed a juggernaut
179197 | Zig:18   | Killed a juggernaut
179197 | Zig:18   | Killed a juggernaut
179282 | Zig:18   | Found the +0 sword of Power
179288 | Zig:18   | Identified Bosenoag's Disquisition on Contamination
179289 | Zig:18   | Identified the +6 great mace of the Pill Bug {crush, *Rage rN+++ Int+3} (You found it on level 17 of a ziggurat)
179292 | Zig:18   | Identified the ring of Hiusuimy {Wiz rPois rF- MR+ Int+9} (You found it on level 16 of a ziggurat)
179309 | Zig:18   | Got a twitching glass ring
179311 | Zig:18   | Identified the ring "Yniont" {*Slow rF+ rC++ SInv} (You found it on level 18 of a ziggurat)
179377 | Zig:19   | Entered Level 19 of a ziggurat
179383 | Zig:19   | Noticed an orb of fire
179386 | Zig:19   | Noticed an orb of fire
179386 | Zig:19   | Noticed an orb of fire
179388 | Zig:19   | Noticed an orb of fire
179394 | Zig:19   | Noticed an orb of fire
179402 | Zig:19   | Noticed an orb of fire
179402 | Zig:19   | Noticed an orb of fire
179404 | Zig:19   | Killed an orb of fire
179412 | Zig:19   | HP: 8/256 [orb of fire/bolt of fire (10)]
179423 | Zig:19   | Killed an orb of fire
179424 | Zig:19   | Killed from afar by an orb of fire

Skill      XL: |  1  2  3  4  5  6  7  8  9 10 11 12 13 14 15 16 17 18 19 20 21 22 23 24 25 26 27 |
---------------+----------------------------------------------------------------------------------+-----
Shields        | 4 5 6 8 9 10 11 12 13 14 15 16 17 18 27 | 27.0
Axes           | 3 4 6 7 9 10 11 13 14 16 17 19 20 21 22 23 24 25 26 | 26.2
Armour         | 4 5 6 7 8 9 10 11 13 14 15 16 17 27 | 27.0
Dodging        | 1 6 9 11 26 | 26.7
Fighting       | 4 5 6 7 8 9 10 11 13 14 15 16 17 18 20 27 | 27.0
Invocations    | 2 5 7 9 10 12 17 | 17.8
Evocations     | 4 7 20 | 20.1
Earth Magic    | 19 | 19.0
Necromancy     | 25 | 25.3
Transmutations | 27 | 27.0
Spellcasting   | 27 | 27.0
Maces & Flails | 23 | 23.5
Crossbows      | 27 | 27.0
Hexes          | 19 | 19.8
Translocations | 23 | 23.5
Conjurations   | 11 | 11.9
Summonings     | 23 | 23.0
Air Magic      | 13 | 13.5
Charms         | 14 | 14.2
Ice Magic      | 14 | 14.0

Action                   |  1- 3 |  4- 6 |  7- 9 | 10-12 | 13-15 | 16-18 | 19-21 | 22-24 | 25-27 || total
-------------------------+-------+-------+-------+-------+-------+-------+-------+-------+-------++-------
Melee: War axe           |    92 |   141 |   448 |   474 |       |       |       |       |       ||  1155
       Battleaxe         |       |       |       |   247 |   383 |       |   103 |    32 |       ||   765
       Executioner's axe |       |       |       |       |   440 |   459 |  1000 |  1294 | 20751 || 23944
       Whip              |       |       |       |       |    13 |    35 |       |       |       ||    48
       Maul              |       |       |       |       |       |       |       |       |    82 ||    82
 Fire: Triple crossbow   |       |       |       |       |       |       |       |       |  2650 ||  2650
 Cast: Necromutation     |       |       |       |       |       |       |       |       |   790 ||   790
       Infestation       |       |       |       |       |       |       |       |       |   317 ||   317
       Portal Projectile |       |       |       |       |       |       |       |       |   269 ||   269
       Aura of Abjuratio |       |       |       |       |       |       |       |       |   120 ||   120
       Lee's Rapid Decon |       |       |       |       |       |       |       |       |    91 ||    91
       Death Channel     |       |       |       |       |       |       |       |       |    48 ||    48
       Regeneration      |       |       |       |       |       |       |       |       |    28 ||    28
       Silence           |       |       |       |       |       |       |       |       |    26 ||    26
       Song of Slaying   |       |       |       |       |       |       |       |       |    14 ||    14
       Shadow Creatures  |       |       |       |       |       |       |       |       |    12 ||    12
       Dispel Undead     |       |       |       |       |       |       |       |       |     6 ||     6
       Freezing Cloud    |       |       |       |       |       |       |       |       |     4 ||     4
       Passage of Golubr |       |       |       |       |       |       |       |       |     2 ||     2
       Lesser Beckoning  |       |       |       |       |       |       |       |       |     2 ||     2
       Statue Form       |       |       |       |       |       |       |       |       |     1 ||     1
       Petrify           |       |       |       |       |       |       |       |       |     1 ||     1
Invok: Divine Shield     |       |       |       |     2 |     2 |       |     3 |     1 |    20 ||    28
       Summon Divine War |       |       |       |       |     2 |     2 |     7 |     2 |    31 ||    44
       Brand Weapon With |       |       |       |       |       |     1 |       |       |       ||     1
       Cleansing Flame   |       |       |       |       |       |       |     1 |       |       ||     1
       Bend Time         |       |       |       |       |       |       |       |       |     4 ||     4
       Temporal Distorti |       |       |       |       |       |       |       |       |     2 ||     2
       Slouch            |       |       |       |       |       |       |       |       |     1 ||     1
 Abil: Dig               |       |     1 |       |       |       |       |       |     5 |    73 ||    79
       Shaft Self        |       |       |       |       |       |       |     1 |       |       ||     1
       Evoke Flight      |       |       |       |       |       |       |       |       |    27 ||    27
       Stop Flying       |       |       |       |       |       |       |       |       |    17 ||    17
       Evoke Invisibilit |       |       |       |       |       |       |       |       |     2 ||     2
Evoke: Wand              |       |       |       |       |       |       |     4 |       |     7 ||    11
       Box of beasts     |       |       |       |       |       |       |       |       |     6 ||     6
       Lightning rod     |       |       |       |       |       |       |       |       |     3 ||     3
       Lamp of fire      |       |       |       |       |       |       |       |       |     2 ||     2
       Phantom mirror    |       |       |       |       |       |       |       |       |     2 ||     2
       Crystal ball of e |       |       |       |       |       |       |       |       |     1 ||     1
       Sack of spiders   |       |       |       |       |       |       |       |       |     1 ||     1
       Figurine of a zig |       |       |       |       |       |       |       |       |     1 ||     1
  Use: Scroll            |       |     4 |     4 |     9 |    18 |     7 |     5 |    15 |   181 ||   243
       Potion            |       |       |     2 |     2 |     6 |     6 |     7 |     5 |    53 ||    81
 Stab: Distracted        |       |       |       |       |       |       |       |       |    85 ||    85
       Invisible         |       |       |       |       |       |       |       |       |     3 ||     3
       Confused          |       |       |       |       |       |       |       |       |     1 ||     1
       Petrifying        |       |       |       |       |       |       |       |       |     1 ||     1
       Petrified         |       |       |       |       |       |       |       |       |     1 ||     1
  Eat: Chunk             |       |     4 |     9 |    17 |    17 |    16 |    13 |    32 |   149 ||   257
       Ration            |       |       |     1 |       |     4 |       |     8 |     3 |    46 ||    62
Armor: Scale mail        |    39 |    52 |     1 |       |       |       |       |       |       ||    92
       Chain mail        |       |       |   125 |    19 |       |       |       |       |       ||   144
       Plate armour      |       |       |       |   290 |   378 |   225 |   446 |   267 |       ||  1606
       Ice dragon scales |       |       |       |       |       |       |       |   105 |    71 ||   176
       Gold dragon scale |       |       |       |       |       |       |       |       |  4669 ||  4669
Dodge: Dodged            |    36 |    53 |    86 |   118 |   187 |   127 |   190 |   229 |  5491 ||  6517
Block: Shield            |    52 |    94 |    89 |       |   580 |   358 |   826 |  1015 | 11743 || 14757
       Large shield      |       |       |   190 |   679 |    72 |       |       |       |  7027 ||  7968
       Reflection        |       |       |       |       |       |       |       |    88 |   829 ||   917
